 Dungeon Crawl Stone Soup version 0.30-a0-782-ge64f9170bb (webtiles) character file.

Game seed: 9979140530478339491

10543855 Noulsu the Archmage (level 27, 273/273 HPs)
             Began as a Ghoul Conjurer on Feb 20, 2023.
             Was the Champion of Sif Muna.
             Escaped with the Orb
             ... and 15 runes on Mar 5, 2023!
             The game lasted 1 day 01:28:20 (159309 turns).

Noulsu the Archmage (Ghoul Conjurer)          Turns: 159309, Time: 1 , 01:28:21

Health: 273/273    AC: 19    Str: 13    XL:     27
Magic:  53/53      EV: 15    Int: 37    God:    Sif Muna [******]
Gold:   11012      SH:  9    Dex:  5    Spells: 0/80 levels left

rFire   + + +      SeeInvis +    a - staff of cold {!a}
rCold   + + +      Faith    +    S - +3 buckler {rF+}
rNeg    + + +      Spirit   .    F - +2 robe {Archmagi}
rPois   ∞          Reflect  .    Z - +3 hat "Ketucieg" {Will+ Int+6}
rElec   +          Harm     .    E - +2 cloak
rCorr   +          Rampage  .    D - +2 pair of gloves {hurl}
Will    +++++      Archmagi +    T - +0 pair of boots "Westreng" {Fly Int+2}
Stlth   +                        Y - amulet of Kuda {Faith rF++ rCorr Str-2 Dex+3}
HPRegen 0.65/turn                x - ring "Nimm" {Will+++ Int+6}
MPRegen 0.33/turn                q - ring "Jagios" {rElec rC+ Dex-5 SInv Stlth+}

@: flying, studying 2 skills
A: claws 1, cold resistance 1, negative energy resistance 3, inhibited
regeneration, torment resistance 2, devour on kill
0: Orb of Zot
}: 15/15 runes: decaying, slimy, silver, golden, iron, obsidian, icy, bone,
abyssal, demonic, glowing, magical, fiery, dark, gossamer
a: Renounce Religion, Channel Magic, Forget Spell, Divine Exegesis


You escaped.
You worshipped Sif Muna.
Sif Muna was exalted by your worship.
You visited 18 branches of the dungeon, and saw 87 of its levels.
You visited Pandemonium 6 times, and saw 23 of its levels.
You visited the Abyss 2 times.
You visited 1 bazaar.
You also visited: Trove, Ice Cave, Volcano, Wizlab and Desolation.

You collected 20702 gold pieces.
You spent 9690 gold pieces at shops.

Inventory:

Hand Weapons
 b - the +1 falchion of the Blind Eye {speed, rF+ rC+ Dex+5, !a}
   (You found it on level 1 of the Elven Halls)

   Dex:       It affects your dexterity (+5).
   rF:        It protects you from fire.
   rC:        It protects you from cold.
 e - the +7 sceptre of Asmodeus {!a}
   (You took it off Asmodeus on level 7 of Gehenna)

   Wielding it grants the ability to summon fiery demons, with success rate
   depending on Evocations skill.
   Those summoned this way will remain friendly only for a limited time.
 l - the +6 Majin-Bo {spellvamp, MP+6 Int+6, !w!a}
   (You found it on level 3 of the Tomb of the Ancients)

   Int:       It affects your intelligence (+6).
   MP:        It affects your magic capacity (+6).
 n - the +6 sword of Cerebov {flame, !a}
   (You took it off Cerebov in Pandemonium)
 t - the +4 staff of Dispater {!a}
   (You took it off Dispater on level 7 of the Iron City of Dis)

   Wielding it grants the ability to hurl damnation at the cost of health and
   magic, with strength depending on Evocations skill.
Missiles
 i - 3 boomerangs of dispersal
 u - 6 throwing nets
 z - 16 curare-tipped darts
Armour
 c - a +2 pair of boots of flying
 f - the +5 pair of gloves of the Hills {-Tele Str+5 Dex-5 SInv}
   (You found it in Pandemonium)

   Str:       It affects your strength (+5).
   Dex:       It affects your dexterity (-5).
   SInv:      It lets you see invisible.
   -Tele:     It prevents most forms of teleportation.
 D - a +2 pair of gloves of hurling (worn)
 E - a +2 cloak (worn)
 F - a +2 robe of the Archmagi (worn)
 S - a +3 buckler of fire resistance (worn)
 T - the +0 pair of boots "Westreng" (worn) {Fly Int+2}
   (You found it on level 5 of the Pits of Slime)

   Int:       It affects your intelligence (+2).
   Fly:       It grants you flight.
 Z - the +3 hat "Ketucieg" (worn) {Will+ Int+6}
   (You found it on level 4 of the Swamp)

   Int:       It affects your intelligence (+6).
   Will:      It increases your willpower.
Magical Staves
 a - a staff of cold (weapon) {!a}
Jewellery
 q - the ring "Jagios" (right hand) {rElec rC+ Dex-5 SInv Stlth+}
   (You took it off an ironbound convoker in the Desolation of Salt)

   [ring of protection from cold]

   Dex:       It affects your dexterity (-5).
   rC:        It protects you from cold.
   rElec:     It insulates you from electricity.
   SInv:      It lets you see invisible.
   Stlth:     It makes you more stealthy.
 x - the ring "Nimm" (left hand) {Will+++ Int+6}
   (You found it in the Desolation of Salt)

   [ring of intelligence]

   Int:       It affects your intelligence (+6).
   Will:      It greatly increases your willpower.
 Y - the amulet of Kuda (around neck) {Faith rF++ rCorr Str-2 Dex+3}
   (You found it in Pandemonium)

   [amulet of faith]

   It allows you to gain divine favour quickly.
   Str:       It affects your strength (-2).
   Dex:       It affects your dexterity (+3).
   rF:        It greatly protects you from fire.
   rCorr:     It protects you from acid and corrosion.
Wands
 d - a wand of digging (23)
 j - a wand of quicksilver (49)
 o - a wand of iceblast (48)
 p - a wand of flame (9)
 r - a wand of polymorph (32)
 s - a wand of charming (79)
 w - a wand of mindburst (56)
Scrolls
 H - 5 scrolls of torment
 J - 11 scrolls of fear
 K - 15 scrolls of blinking
 L - 15 scrolls of vulnerability
 M - 14 scrolls of magic mapping
 N - 56 scrolls of teleportation
 O - 20 scrolls of fog
 P - 10 scrolls of poison
 U - 6 scrolls of summoning
Potions
 A - 17 potions of ambrosia
 B - 14 potions of brilliance
 C - 38 potions of curing
 G - 9 potions of magic
 Q - 6 potions of haste
 R - 15 potions of resistance {rElec rC rF rCorr}
 V - 2 potions of invisibility
 W - 20 potions of heal wounds
 X - 7 potions of cancellation
Miscellaneous
 g - a phantom mirror
 h - a phial of floods
 k - a condenser vane
 m - a box of beasts
 v - a lightning rod (4/4)
 y - a figurine of a ziggurat


   Skills:
 O Level 27 Fighting
 - Level 0.1 Throwing
 - Level 22.0 Armour
 + Level 21.8 Dodging
 - Level 2.1 Stealth
 - Level 11.9 Shields
 O Level 27 Spellcasting
 - Level 14.0 Conjurations
 - Level 6.0 Hexes
 - Level 13.0 Summonings
 - Level 18.7 Translocations
 - Level 5.0 Transmutations
 - Level 25.0 Ice Magic
 - Level 25.0 Earth Magic
 O Level 27 Invocations
 O Level 27 Evocations


You couldn't memorise any spells.
You knew the following spells:

 Your Spells              Type           Power      Damage    Failure   Level
a - Yara's Violent Unrav  Hex/Tmut       47%        3d18      1%          5
b - Blink                 Tloc           100%       N/A       0%          2
c - Ozocubu's Armour      Ice            100%       N/A       0%          3
e - Shatter               Erth           75%        3d55*     1%          9
k - Spellforged Servitor  Conj/Summ      61%        N/A       1%          7
l - Summon Guardian Gole  Hex/Summ       100%       N/A       1%          3
q - Dispersal             Tloc           68%        N/A       1%          6
r - Disjunction           Tloc           68%        N/A       1%          8
w - Iskenderun's Mystic   Conj/Tloc      100%       2d19      0%          4
x - Polar Vortex          Ice            88%        N/A       1%          9
D - Borgnjor's Vile Clut  Necr/Erth      59%        N/A       1%          5
F - Lehudib's Crystal Sp  Conj/Erth      69%        10d16     1%          8
S - Fulminant Prism       Conj/Hex       55%        3d24      1%          4
X - Orb of Destruction    Conj           62%        9d15      1%          7

Your spell library contained the following spells:

 Spells                   Type           Power      Damage    Failure   Level
 Apportation              Tloc           100%       N/A       0%          1
 Freeze                   Ice            100%       1d10      0%          1
 Magic Dart               Conj           100%       1d8       0%          1
 Sandblast                Erth           100%       2d20      0%          1
 Summon Small Mammal      Summ           100%       N/A       0%          1
 Call Imp                 Summ           100%       N/A       0%          2
 Ensorcelled Hibernation  Hex/Ice        100%       N/A       0%          2
 Lesser Beckoning         Tloc           100%       N/A       0%          2
 Momentum Strike          Conj/Tloc      100%       3d10      0%          2
 Passwall                 Tmut/Erth      100%       N/A       0%          2
 Searing Ray              Conj           100%       2d8       0%          2
 Call Canine Familiar     Summ           100%       N/A       0%          3
 Frozen Ramparts          Ice            100%       1d16      0%          3
 Gell's Gravitas          Tloc           100%       N/A       0%          3
 Hailstorm                Conj/Ice       100%       3d20      0%          3
 Portal Projectile        Hex/Tloc       100%       N/A       0%          3
 Stone Arrow              Conj/Erth      100%       3d13      0%          3
 Teleport Other           Tloc           100%       N/A       0%          3
 Animate Armour           Summ/Erth      100%       N/A       0%          4
 Leda's Liquefaction      Hex/Erth       64%        N/A       0%          4
 Manifold Assault         Tloc           100%       N/A       0%          4
 Passage of Golubria      Tloc           100%       N/A       0%          4
 Petrify                  Tmut/Erth      100%       N/A       0%          4
 Summon Ice Beast         Ice/Summ       100%       N/A       0%          4
 Lee's Rapid Deconstruct  Erth           75%        3d34*     0%          5
 Ozocubu's Refrigeration  Ice            88%        4d27      0%          7
 Foxfire                  Conj/Fire      100%       2x1d9     1%          1
 Kiss of Death            Conj/Necr      100%       2d13      1%          1
 Necrotise                Necr           100%       1d9       1%          1
 Shock                    Conj/Air       100%       1d9       1%          1
 Slow                     Hex            100%       N/A       1%          1
 Sting                    Tmut/Pois      100%       1d8       1%          1
 Cigotuvi's Dreadful Rot  Necr/Pois/Air  100%       N/A       1%          2
 Poisonous Vapours        Pois/Air       100%       N/A       1%          2
 Scorch                   Fire           100%       2d10      1%          2
 Static Discharge         Conj/Air       100%       2-7/arc   1%          2
 Confusing Touch          Hex            96%        N/A       1%          3
 Dazzling Flash           Conj/Hex       100%       N/A       1%          3
 Ignite Poison            Fire/Tmut/Pois 76%        N/A       1%          3
 Inner Flame              Hex/Fire       83%        N/A       1%          3
 Kindle Blastsparks       Fire/Tloc/Air  100%       2d18      1%          3
 Mephitic Cloud           Conj/Pois/Air  91%        N/A       1%          3
 Swiftness                Air            66%        N/A       1%          3
 Tukima's Dance           Hex            96%        N/A       1%          3
 Vampiric Draining        Necr           66%        2d10      1%          3
 Vhi's Electric Charge    Tloc/Air       100%       N/A       1%          3
 Anguish                  Hex/Necr       41%        N/A       1%          4
 Cause Fear               Hex            48%        N/A       1%          4
 Flame Wave               Conj/Fire      100%       2d21      1%          4
 Sticky Flame             Conj/Fire      100%       2d11      1%          4
 Summon Lightning Spire   Summ/Air       98%        N/A       1%          4
 Arcjolt                  Conj/Air       50%        1d60      1%          5
 Fireball                 Conj/Fire      50%        3d20      1%          5
 Freezing Cloud           Conj/Ice/Air   73%        6-21      1%          5
 Irradiate                Conj/Tmut      55%        3d30      1%          5
 Iskenderun's Battlesphe  Conj           100%       2d15      1%          5
 Lightning Bolt           Conj/Air       50%        1d71      1%          5
 Metabolic Englaciation   Hex/Ice        76%        N/A       1%          5
 Summon Forest            Summ/Tloc      64%        N/A       1%          5
 Summon Mana Viper        Hex/Summ       100%       N/A       1%          5
 Iron Shot                Conj/Erth      69%        9d13      1%          6
 Simulacrum               Ice/Necr       72%        N/A       1%          6
 Summon Cactus Giant      Summ           60%        N/A       1%          6
 Malign Gateway           Summ/Tloc      64%        N/A       1%          7
 Monstrous Menagerie      Summ           60%        N/A       1%          7
 Summon Hydra             Summ           60%        N/A       1%          7
 Silence                  Hex/Air        41%        N/A       3%          5
 Conjure Ball Lightning   Conj/Air       50%        3x3d17    3%          6
 Starburst                Conj/Fire      50%        6d14      3%          6
 Airstrike                Air            33%        2d(5-21)  4%          4
 Animate Dead             Necr           66%        N/A       4%          4
 Dispel Undead            Necr           66%        3d23      4%          4
 Olgreb's Toxic Radiance  Pois           66%        N/A       4%          4
 Alistair's Intoxication  Tmut/Pois      53%        N/A       4%          5
 Agony                    Necr           66%        N/A       12%         5
 Summon Horrible Things   Summ           60%        N/A       14%         8
 Eringya's Noxious Bog    Tmut/Pois      40%        N/A       24%         6
 Haunt                    Necr/Summ      49%        N/A       26%         7
 Enfeeble                 Hex            48%        N/A       32%         7
 Death Channel            Necr           33%        N/A       56%         6
 Dragon's Call            Summ           60%        N/A       91%         9
 Discord                  Hex            48%        N/A       94%         8
 Ignition                 Fire           33%        3d10      100%        8
 Infestation              Necr           33%        N/A       100%        8
 Maxwell's Capacitive Co  Air            33%        ∞         100%        8
 Chain Lightning          Conj/Air       50%        3d66      100%        9
 Fire Storm               Conj/Fire      50%        8d13      100%        9
 Ice Form                 Ice/Tmut       Unusable   N/A       N/A         4
 Wereblood                Tmut           Unusable   N/A       N/A         2
 Spider Form              Tmut/Pois      Unusable   N/A       N/A         3
 Blade Hands              Tmut           Unusable   N/A       N/A         5
 Dragon Form              Tmut           Unusable   N/A       N/A         7
 Borgnjor's Revivificati  Necr           Unusable   N/A       N/A         8

Dungeon Overview and Level Annotations

Branches:
Dungeon (15/15)            Temple (1/1) D:4            Lair (5/5) D:8
  Swamp (4/4) Lair:2       Spider (4/4) Lair:2        Slime (5/5) Lair:4
    Orc (2/2) D:11            Elf (3/3) Orc:2        Vaults (5/5) D:14
  Crypt (3/3) Vaults:2       Tomb (3/3) Crypt:3      Depths (4/4) D:15
   Hell (visited)             Dis (7/7) Hell            Geh (7/7) Hell
    Coc (7/7) Hell            Tar (7/7) Hell            Zot (5/5) Depths:4
  IceCv (visited)         Volcano (visited)          WizLab (visited)
Desolation (visited)

Altars:
Ashenzari
Cheibriados
Dithmenos
Fedhas
Gozag
Hepliaklqana
Kikubaaqudgha
Makhleb
Nemelex Xobeh
Okawaru
Qazlal
Ru
Sif Muna
Trog
Uskayaw
Vehumet
Wu Jian
Xom
Yredelemnul
Jiyva

Shops:
D:8 (   D:9 *   Orc:2 [!:(   Elf:1 :   Elf:2 *   Elf:3 ?=[   Vaults:3 =
Zot:3 **   Depths:1 :=:   Depths:2 *?

Portals:
Hell: Depths:1 Depths:2 Depths:3 Depths:4
Abyss: Depths:1 Depths:2 Depths:3
Pandemonium: Depths:2
Ziggurat: Depths:3

Annotations:
Lair:5 nothing, 1 exclusion
Elf:3 !
Vaults:2 1c
Depths:4 1s
Coc:7 1 exclusion
Zot:2 1s


Innate Abilities, Weirdness & Mutations

You are immune to poison.
You have sharp fingernails.
Your flesh is cold resistant. (rC+)
You are immune to negative energy. (rN+++)
You do not regenerate when monsters are visible.
You are immune to unholy pain and torment.
You thrive by killing the living.


Message History

Where to? (* - list waypoints, Enter - D:5, ? - help)
A demonspawn corrupter and a demonspawn warmonger come into view.
The demonspawn warmonger is wielding a +3 demon trident of flaming, wearing a +1 plate armour of fire resistance and wearing a +1 tower shield of cold resistance. !
Demonspawn warmonger 1 Demonspawn corrupter 1 The demonspawn warmonger shouts!
A shadow demon comes into view.
There is a stone staircase leading up here.
Shadow demon 1 The demonspawn corrupter calls forth creatures from the Vaults!
You fly upwards.
There is a stone staircase leading down here.
No danger in sight...
(D) Dungeon (T) Temple (L) Lair (S) Swamp (N) Spider Nest (M) Slime Pits (O) Orcish Mines (E) Elven Halls (V) Vaults (C) Crypt (W) Tomb (U) Depths (H) Hell (I) Dis (G) Gehenna (X) Cocytus (Y) Tartarus (Z) Zot
Where to? (* - list waypoints, Enter - D:4, ? - help)
An Orb Guardian comes into view. !
Orb Guardian 1
Aim: an Orb Guardian You feel a surge of power!
The orb of destruction hits the Orb Guardian!!!!
The Orb Guardian is almost dead.
Aim: an Orb Guardian (almost dead)
You feel a surge of power!
The orb of destruction hits the Orb Guardian!!!
You blow up the Orb Guardian!
Sif Muna accepts your kill.
No danger in sight...
(D) Dungeon (T) Temple (L) Lair (S) Swamp (N) Spider Nest (M) Slime Pits (O) Orcish Mines (E) Elven Halls (V) Vaults (C) Crypt (W) Tomb (U) Depths (H) Hell (I) Dis (G) Gehenna (X) Cocytus (Y) Tartarus (Z) Zot
Where to? (* - list waypoints, Enter - D:3, ? - help)
You see here a +0 long sword {!a}.
There is a stone staircase leading up here.
You fly upwards.
There is a stone staircase leading down here.
(D) Dungeon (T) Temple (L) Lair (S) Swamp (N) Spider Nest (M) Slime Pits (O) Orcish Mines (E) Elven Halls (V) Vaults (C) Crypt (W) Tomb (U) Depths (H) Hell (I) Dis (G) Gehenna (X) Cocytus (Y) Tartarus (Z) Zot
Where to? (* - list waypoints, Enter - D:3, ? - help) 3 hell hounds come into view. !
Hell hound 1 Hell hound 2 Hell hound 3 You feel a surge of power!
You miscast Shatter.
You are very lightly contaminated with residual magic.
You feel a surge of energy from the ground.
You feel a surge of power!
The dungeon rumbles!
You kill the hell hound!
Sif Muna accepts your kill.
You kill the hell hound!
Sif Muna accepts your kill.
You kill the hell hound!
Sif Muna accepts your kill.
Ka-crash!
No danger in sight...
A hell hound comes into view. !
Hell hound 1 You feel a surge of power!
The dungeon rumbles!
You kill the hell hound!
Sif Muna accepts your kill.
Ka-crash!
No danger in sight...
(D) Dungeon (T) Temple (L) Lair (S) Swamp (N) Spider Nest (M) Slime Pits (O) Orcish Mines (E) Elven Halls (V) Vaults (C) Crypt (W) Tomb (U) Depths (H) Hell (I) Dis (G) Gehenna (X) Cocytus (Y) Tartarus (Z) Zot
Where to? (* - list waypoints, Enter - D:2, ? - help)
There is a stone staircase leading up here.
You fly upwards.
There is a stone staircase leading down here.
(D) Dungeon (T) Temple (L) Lair (S) Swamp (N) Spider Nest (M) Slime Pits (O) Orcish Mines (E) Elven Halls (V) Vaults (C) Crypt (W) Tomb (U) Depths (H) Hell (I) Dis (G) Gehenna (X) Cocytus (Y) Tartarus (Z) Zot
Where to? (* - list waypoints, Enter - D:2, ? - help) Magic restored.
You feel less invigorated.
There is a stone staircase leading up here.
You fly upwards.
Your magical contamination has completely faded away.
There is a stone staircase leading down here.
There is a staircase leading out of the dungeon here.
You have escaped!

#.#......................###.
#.#.........##.........#.....
##...........##.........#####.
#.....##............##.....##.
#.....##............##........
#...........................##
####..........................###
#.....##.........>........##..#..
#.##..##........@.....[...##..#.#
#.##.......................†.....
#.##.............................
#(##.....##............##.....#.#
#.##.....##............##.....#[#
#.....#..)......##........)####.#
#.#####.........##..........# #)#
#.# #.....................# #..
#.# ######..#...##.#####.##.# ###


There were no monsters in sight!

Vanquished Creatures
  Cerebov (Pan)
  Asmodeus (Geh:7)
  the Royal Jelly (Slime:5)
  Dissolution (Slime:3)
  the Serpent of Hell (Coc:7)
  Ereshkigal (Tar:7)
  Lom Lobon (Pan)
  A seraph (Pan)
  Dispater (Dis:7)
  Gloorx Vloq (Pan)
  Mnoleg (Pan)
  6 dread liches
  5 ancient liches
  3 orbs of fire (Zot:1)
  30 royal mummies
  13 pandemonium lords (Pan)
  2 juggernauts
  Vv (Zot:3)
  6 Killer Klowns (Zot:5)
  Sojobo (Vaults:4)
  The ghost of Nuh Ema the Eclecticist, a veteran HuVM of Jiyva (Crypt:2)
  12 shard shrikes
  Xtahua (Vaults:4)
  3 curse toes (Zot:3)
  Saint Roka (Depths:1)
  30 caustic shrikes
  Geryon (Hell)
  10 golden dragons
  Jory (Crypt:3)
  11 profane servitors
  17 bone dragons
  A pearl dragon (Pan)
  Arachne (Spider:3)
  15 Brimstone Fiends
  2 electric golems
  13 doom hounds
  4 iron giants
  14 Tzitzimimeh
  A walking crystal tome (Depths:4)
  10 Ice Fiends
  Jorgrun (D:12)
  12 hellephants
  2 spectral shard shrikes
  12 Orb Guardians
  Rupert (D:14)
  8 liches
  11 titans
  14 searing wretches
  13 tainted leviathans
  12 tentacled monstrosities
  5 quicksilver dragons
  A deep elf master archer (Elf:3)
  18 Executioners
  Asterion (Vaults:2)
  25 Hell Sentinels
  11 acid blobs
  7 death cobs
  3 sphinxes
  3 deep elf blademasters
  14 tentacled starspawn
  38 ancient champions
  The ghost of Leeroy the Thaumaturge, an adept GnWr of the Shining One (Swamp:4)
  A kraken (Abyss:1)
  9 shadow dragons
  A fenstrider witch (Swamp:2)
  9 tengu reavers
  Kirke (D:12)
  3 revenants
  3 thorn hunters
  13 storm dragons
  Roxanne (Spider:2)
  8 draconian monks
  The ghost of Ofeolo the Thrower, an adept VSHs of Trog (Spider:3)
  8 rockslimes
  10 azure jellies
  6 iron dragons
  A draconian knight (Abyss:3)
  21 daevas
  11 narguns
  14 demonspawn warmongers (Pan)
  12 frost giants
  2 imperial myrmidons (Desolation)
  35 balrugs
  15 vault wardens
  7 deep elf sorcerers
  10 quicksilver elementals
  19 fire giants
  Aizul (Vaults:1)
  5 emperor scorpions
  4 orc warlords
  A draconian scorcher (Zot:1)
  3 spectral caustic shrikes
  The ghost of Teelok the Earth Mage, a journeyman GrEE of Gozag (D:14)
  A curse skull (Pan)
  16 ghost moths
  4 caustic shrike zombies (WizLab)
  4 draconian shifters
  Louise (Depths:3)
  11 demonspawn corrupters (Pan)
  26 angels
  2 spectral juggernauts
  6 deep elf elementalists (Elf:3)
  3 ghouls (Swamp:2)
  15 cacodemons
  20 ironbound preservers
  13 shard shrike simulacra
  32 very ugly things
  10 quicksilver oozes
  2 broodmothers
  18 ophanim (Pan)
  19 war gargoyles
  8 demonspawn blood saints
  3 spriggan defenders (Depths:4)
  3 draconian annihilators
  10 apis (Pan)
  22 elemental wellsprings
  An eleionoma (Swamp:3)
  32 reapers
  19 bennus
  9 ironbound thunderhulks
  14 vampire knights
  6 black draconians
  6 putrid mouths
  7 green draconians
  9 stone giants
  A deep elf demonologist (Elf:2)
  34 lorocyprocas (Pan)
  12 dire elephants
  8 deep elf annihilators
  5 purple draconians
  4 spectral titans
  3 halazid warlocks (Desolation)
  10 wendigos
  13 demonspawn black suns (Pan)
  7 white draconians
  5 red draconians
  7 yellow draconians
  8 spark wasps
  10 bunyips
  9 eidola
  24 iron golems
  6 crystal guardians
  2 merfolk javelineers
  15 mummy priests
  6 deep elf death magi
  10 green deaths
  10 jiangshi
  7 ettins
  A shambling mangrove (Swamp:4)
  A spectral kraken (Tar:7)
  11 deep elf high priests
  6 entropy weavers
  6 fire dragons
  7 ragged hierophants (Desolation)
  A spectral golden dragon (Tar:5)
  9 spectral spriggans
  2 spriggan zombies (Crypt:3)
  A merfolk impaler (Depths:4)
  12 blizzard demons
  15 yaktaur captains
  7 great orbs of eyes
  5 rakshasas
  37 vault guards
  A spectral iron giant (Tar:3)
  Harold (Orc:1)
  11 peacekeepers
  12 hydras
  Erolcha (Orc:1)
  6 hell beasts
  8 salamander tyrants
  4 servants of whispers (Desolation)
  A ghost crab (Swamp:4)
  14 ice dragons
  2 jorogumos (Spider:4)
  2 ogre magi
  A catoblepas (Lair:4)
  7 caustic shrike simulacra
  3 spriggan air magi
  A merfolk avatar (Abyss:3)
  2 radroaches (Spider:4)
  14 alligators
  A quicksilver dragon skeleton (Crypt:3)
  4 death knights
  5 stokers
  The ghost of Jolojiar the Zephyrmancer, a journeyman OpCK of Xom (D:11)
  5 juggernaut simulacra
  15 two-headed ogres
  12 ironbound frosthearts
  A spectral human (Tar:1)
  2 spectral stone giants
  37 dancing weapons
  5 deep troll shamans
  12 boulder beetles
  9 centaur warriors
  A death yak (Lair:4)
  12 vampire magi
  13 death scarabs
  26 hell hogs
  A spriggan skeleton (Crypt:3)
  2 spectral dire elephants
  5 thrashing horrors
  6 spriggan berserkers
  5 tengu warriors
  A titan zombie (Tomb:3)
  6 deep troll earth magi
  22 soul eaters
  9 orc high priests
  2 bennu skeletons
  5 hell knights
  The ghost of Anon1729 the Fighter, a novice MiMo of Qazlal (D:7)
  12 crystal echidnas
  A fire crab (Lair:5)
  12 shadow wraiths
  5 storm dragon zombies (Crypt:3)
  31 deep elf knights
  A spectral spark wasp (WizLab)
  65 sun demons
  2 sun moths
  13 wretched stars
  19 sixfirhies
  A spectral bunyip (Tar:1)
  6 iron trolls (Depths:1)
  A spatial maelstrom (Abyss:1)
  3 death drakes
  6 pharaoh ants
  15 skeletal warriors
  A spectral anaconda (Tar:2)
  10 cherubim (Pan)
  5 flayed ghosts
  8 goliath frogs
  3 quicksilver dragon simulacra
  3 skysharks
  A golden dragon zombie (Crypt:3)
  A storm dragon skeleton (Abyss:2)
  56 deep trolls
  15 shadow demons
  2 spectral hydras (Tar:3)
  6 spriggan druids
  4 swamp dragons
  10 bog bodies
  4 spriggan simulacra
  39 deep elf zephyrmancers
  A fenstrider witch simulacrum (Coc:2)
  7 orb spiders
  3 obsidian statues
  22 deep elf archers
  4 lindwurms
  10 steelbarb worms
  An orange crystal statue (Swamp:2)
  7 glowing orange brains
  26 ironbound convokers
  A sphinx zombie (Crypt:1)
  15 wizards
  2 anaconda skeletons
  40 starcursed masses
  44 ugly things
  14 orc knights
  5 harpies
  17 phantasmal warriors
  9 necromancers
  11 wolf spiders
  A fire giant zombie (Vaults:2)
  A manticore (shapeshifter) (Vaults:5)
  3 stone giant zombies
  A shadow dragon skeleton (Crypt:3)
  2 will-o-the-wisps
  A spectral ettin (Tar:1)
  6 orc sorcerers
  A glowing shapeshifter (Vaults:4)
  A human zombie (Vaults:2)
  2 iron dragon skeletons
  6 shining eyes
  4 worldbinders
  4 cyclopes
  30 deep elf pyromancers
  A dire elephant zombie (Hell)
  An oklob plant (Lair:2)
  A moth of wrath (shapeshifter) (Vaults:5)
  16 elephants
  A cyclops (shapeshifter) (D:14)
  2 manticores (D:12)
  A salamander (Depths:4)
  A naga zombie (Abyss:2)
  12 moths of wrath
  17 demonic crawlers
  9 rust devils (Hell)
  2 spectral centaurs
  A fire giant skeleton (Vaults:5)
  An apocalypse crab (Abyss:1)
  2 guardian serpents (Desolation)
  5 torpor snails
  3 eyes of devastation
  32 smoke demons
  8 molten gargoyles
  A titan simulacrum (Coc:6)
  19 ice statues
  20 vault sentinels
  7 black mambas
  18 orange demons
  2 cane toads (shapeshifter)
  2 gargoyles (D:12)
  11 cane toads
  A dire elephant skeleton (Hell)
  2 naga skeletons
  2 spectral swamp worms (Tar:7)
  32 yaktaurs
  4 efreet
  3 unseen horrors
  46 guardian mummies
  2 rime drakes (Lair:5)
  15 komodo dragons
  58 hellions
  A bunyip simulacrum (Coc:1)
  2 kobold demonologists
  20 tormentors
  6 spectral nagas
  An iron giant simulacrum (Coc:3)
  9 tengu conjurers
  6 freezing wraiths
  A purple draconian skeleton (Crypt:3)
  An iron troll skeleton (Crypt:3)
  4 anaconda simulacra
  A yaktaur skeleton (Vaults:2)
  A green draconian skeleton (Crypt:1)
  6 ice devils
  2 harpy zombies
  A queen bee (Lair:2)
  A meliai (shapeshifter) (D:14)
  11 meliai
  9 ancient zymes
  3 red devils
  A death drake zombie (Crypt:2)
  A sea snake skeleton (Hell)
  17 spectral harpies
  9 trolls
  2 bloated husks (Swamp:1)
  8 tyrant leeches
  2 harpy skeletons (Crypt:2)
  18 hellwings
  An alligator zombie (Hell)
  59 saltlings (Desolation)
  A troll (shapeshifter) (D:13)
  A shadow dragon simulacrum (Coc:1)
  15 hornets
  3 polar bears
  A death drake skeleton (Crypt:2)
  12 tarantellas
  3 nameless horrors
  27 blink frogs
  2 stone giant simulacra
  19 raiju
  6 dream sheep (Lair:5)
  A guardian serpent zombie (Crypt:3)
  2 iron dragon simulacra (Coc:5)
  A jumping spider zombie (Crypt:2)
  A meliai zombie (Crypt:1)
  A tarantella zombie (Crypt:3)
  An ettin zombie (Crypt:2)
  22 spriggans
  A guardian serpent skeleton (Crypt:3)
  2 centaur simulacra
  95 slime creatures
  48 yaks
  A spectral black mamba (Tar:1)
  3 ushabtiu
  20 jumping spiders
  4 air elementals
  An ettin skeleton (Crypt:3)
  23 flying skulls
  4 water elementals
  13 dire elephant simulacra
  2 fire bats
  26 vampires
  11 culicivoras
  11 wraiths
  7 wyverns
  A human (D:12)
  43 ynoxinuls
  8 basilisks
  6 shadows
  Eustachio (D:5)
  2 fire elementals
  Grum (D:9)
  22 neqoxecs
  6 steam dragons
  An alligator snapping turtle simulacrum (Coc:2)
  2 golden eyes (Slime:4)
  2 hogs (D:12)
  A redback (shapeshifter) (Elf:1)
  18 chaos spawn
  22 vampire mosquitoes
  30 redbacks
  13 harpy simulacra
  7 wargs
  5 acid dragons
  16 swamp worms
  6 hydra simulacra
  15 water moccasins
  A human simulacrum (Vaults:5)
  A water nymph skeleton (Crypt:3)
  A floating eye (Depths:3)
  11 hell hounds
  36 orc warriors
  2 ettin simulacra (Coc:1)
  4 sky beasts
  A black bear (D:5)
  An ice beast (Abyss:2)
  A fire dragon simulacrum (Coc:1)
  An ogre (shapeshifter) (D:14)
  15 boggarts
  29 large abominations
  6 ogres
  A black mamba simulacrum (Coc:1)
  16 wolves
  18 centaurs
  2 yaktaur zombies
  3 kobold brigands
  17 small abominations
  6 earth elementals
  9 bullfrogs
  A gnoll sergeant (D:8)
  2 scorpions (D:7)
  A glowing shapeshifter simulacrum (Vaults:2)
  A two-headed ogre simulacrum (IceCv)
  A wyvern zombie (Crypt:1)
  A wight (D:8)
  30 killer bees
  3 howler monkeys
  8 electric eels
  4 centaur zombies
  5 lava snakes (Lair:5)
  3 quasits (Abyss:1)
  49 orc priests
  A hound (D:5)
  3 gnoll boudas
  3 iron imps
  5 jellies
  6 iguanas
  21 orc wizards
  A troll simulacrum (D:11)
  A sky beast zombie (Crypt:1)
  A tengu zombie (Crypt:3)
  An acid dragon skeleton (Crypt:2)
  A tengu skeleton (Crypt:2)
  A hound skeleton (Crypt:3)
  22 mummies
  Robin (D:3)
  17 gnolls
  7 adders
  4 naga simulacra
  A shadow imp (Pan)
  4 white imps
  6 ufetubi
  A worm (D:2)
  3 dart slugs
  111 orcs
  2 bats (D:2)
  6 endoplasms
  5 giant cockroaches
  10 hobgoblins
  5 jackals
  12 kobolds
  6 quokkas
  A river rat zombie (Crypt:1)
  5 ball pythons
  3 frilled lizards
  19 goblins
  4 rats
  11 briar patches (Swamp:2)
  6 creeping infernos
  14 fire vortices
  3 fulminant prisms
  4 lurking horrors
  5 starspawn tentacles
4163 creatures vanquished.

Vanquished Creatures (collateral kills)
  2 dread liches
  4 orbs of fire
  The ghost of Odghynix the Wrestler, a master TrAr of Okawaru (Zot:3)
  6 royal mummies
  5 shard shrikes (Coc:7)
  2 Killer Klowns
  2 curse toes
  5 golden dragons
  2 pandemonium lords (Pan)
  2 pearl dragons
  8 profane servitors
  8 bone dragons
  12 Brimstone Fiends
  2 doom hounds
  6 hellephants
  12 Tzitzimimeh
  An electric golem (Zot:5)
  An iron giant (Dis:5)
  4 Hell Sentinels
  4 tentacled monstrosities
  22 Ice Fiends
  14 tainted leviathans
  17 Orb Guardians
  13 searing wretches
  10 titans
  9 acid blobs
  2 liches
  24 Executioners
  Agnes (D:14)
  5 sphinxes (Tomb:1)
  12 tentacled starspawn
  7 ancient champions
  6 draconian monks
  4 shadow dragons
  8 storm dragons
  A tengu reaver (Depths:4)
  A rockslime (Slime:5)
  An azure jelly (Slime:3)
  2 frost giants (Depths:4)
  15 daevas (Pan)
  5 demonspawn warmongers (Pan)
  4 fire giants
  An iron dragon (Dis:7)
  A shard shrike simulacrum (Coc:5)
  2 draconian knights
  8 narguns
  7 quicksilver elementals
  30 balrugs
  A spectral caustic shrike (Tar:5)
  A curse skull (Pan)
  A draconian annihilator (Zot:3)
  40 angels (Pan)
  A deep elf elementalist (Abyss:1)
  20 cacodemons
  11 very ugly things
  22 reapers
  3 quicksilver oozes
  A vampire knight (Depths:4)
  5 demonspawn corrupters (Pan)
  7 demonspawn blood saints (Pan)
  12 war gargoyles
  39 apis (Pan)
  12 black draconians
  10 ophanim (Pan)
  4 demonspawn black suns (Pan)
  10 purple draconians
  7 green draconians
  22 putrid mouths
  3 bennus
  6 red draconians
  4 yellow draconians
  9 white draconians
  11 wendigos
  10 blizzard demons
  7 mummy priests
  A spectral quicksilver dragon (Tar:4)
  4 eidola
  2 jiangshi (Abyss:1)
  10 green deaths
  10 iron golems
  10 great orbs of eyes
  2 spectral spriggans
  A spectral iron giant (Tar:4)
  A fire dragon (Depths:4)
  2 ice dragons
  A fenstrider witch zombie (Tomb:1)
  5 hell beasts (Pan)
  2 spriggan skeletons (Pan)
  11 salamander tyrants
  4 rakshasas
  3 caustic shrike simulacra
  A fenstrider witch skeleton (Pan)
  A stoker (Geh:7)
  8 juggernaut simulacra
  A dancing weapon (Abyss:1)
  8 death scarabs (Tomb:1)
  A vampire mage (Abyss:1)
  14 hell hogs
  A tengu warrior (D:14)
  8 thrashing horrors
  2 spectral storm dragons (Tar:1)
  68 soul eaters
  2 crystal echidnas (Dis:7)
  89 sun demons
  A skeletal warrior (Tomb:1)
  4 anaconda zombies
  4 wretched stars
  A death drake (Depths:4)
  A titan skeleton (Pan)
  29 sixfirhies
  5 glowing orange brains
  2 spriggan simulacra
  19 cherubim (Pan)
  A shadow dragon zombie (Abyss:1)
  A bunyip skeleton (Pan)
  15 shadow demons
  2 phantasmal warriors (Abyss:1)
  A spectral hydra (Tar:2)
  20 starcursed masses
  2 necromancers (Abyss:2)
  A shining eye (Pan)
  8 ugly things
  A will-o-the-wisp (Abyss:3)
  A spectral alligator snapping turtle (Tar:1)
  16 moths of wrath
  A stone giant skeleton (Pan)
  A centaur zombie (Abyss:1)
  11 worldbinders
  An iron dragon skeleton (Pan)
  55 smoke demons
  2 guardian serpents
  4 eyes of devastation
  6 rust devils
  3 titan simulacra
  4 apocalypse crabs
  11 molten gargoyles
  An alligator snapping turtle zombie (Abyss:1)
  2 centaur skeletons
  7 hellions
  19 demonic crawlers
  A dire elephant skeleton (Pan)
  10 spectral swamp worms (Tar:7)
  37 orange demons
  2 orc skeletons
  3 naga skeletons
  2 sea snake zombies (Hell)
  2 kobold demonologists (Abyss:1)
  10 efreet
  2 freezing wraiths
  10 guardian mummies
  An alligator snapping turtle skeleton (Pan)
  An anaconda simulacrum (Coc:3)
  5 red devils (Pan)
  19 tormentors
  3 harpy zombies
  2 iron giant simulacra
  A spectral harpy (Tar:4)
  A silent spectre (Tar:4)
  9 ice devils
  10 ancient zymes
  A golden dragon simulacrum (Coc:7)
  A hydra zombie (Hell)
  5 harpy skeletons
  A nameless horror (Abyss:1)
  A hydra skeleton (Hell)
  32 hellwings
  4 blink frogs (Abyss:3)
  45 raiju
  An alligator zombie (Hell)
  41 flying skulls
  58 ynoxinuls
  25 slime creatures
  2 dire elephant simulacra
  2 ice dragon skeletons
  A shadow (Abyss:1)
  A naga simulacrum (Coc:2)
  3 wraiths
  6 fire bats
  4 ushabtiu (Tomb:1)
  102 large abominations
  A black mamba skeleton (Abyss:3)
  27 neqoxecs
  49 chaos spawn
  8 golden eyes
  A minotaur simulacrum (Abyss:1)
  5 harpy simulacra
  6 hell hounds
  A hydra simulacrum (Hell)
  2 sky beasts (Abyss:1)
  3 ettin simulacra
  2 kobold brigands (Abyss:1)
  49 small abominations
  An earth elemental (Abyss:2)
  7 quasits
  A jelly (Abyss:2)
  4 iron imps
  31 mummies
  9 white imps
  7 ufetubi
  2 kobolds (Abyss:1)
  7 creeping infernos
  18 fire vortices
  9 starspawn tentacles
  3 tentacles (Abyss:1)
1856 creatures vanquished.

Vanquished Creatures (others)
  Antaeus (Coc:7)
  A Killer Klown (Zot:5)
  A pandemonium lord (Pan)
  A caustic shrike (Dis:7)
  2 profane servitors (Tar:7)
  A Brimstone Fiend (Pan)
  2 tainted leviathans (Tar:7)
  An Orb Guardian (Zot:5)
  2 eldritch tentacles (Pan)
  An Executioner (Pan)
  An iron dragon (Depths:4)
  A balrug (Pan)
  A shard shrike simulacrum (Coc:7)
  A demonspawn blood saint (Pan)
  A putrid mouth (Tar:7)
  7 blizzard demons (Pan)
  A stoker (Geh:6)
  A hell hog (Depths:4)
  A spriggan simulacrum (Coc:7)
  A wizard (Abyss:3)
  A spectral demonspawn (Tar:1)
  A red devil (Pan)
  A raiju (Abyss:1)
  A dire elephant simulacrum (Coc:1)
  A merfolk skeleton (Pan)
  2 humans (D:12)
  A harpy simulacrum (Coc:1)
  A neqoxec (Pan)
  A small abomination (Abyss:1)
  19 ball lightnings (Pan)
  A fire vortex (Geh:6)
  2 foxfires (Swamp:1)
  800 fulminant prisms
  48 fungi
  A lurking horror (Abyss:2)
  86 plants
  42 starspawn tentacles
  9 tentacles (Abyss:1)
1047 creatures vanquished.

Grand Total: 7066 creatures vanquished

Notes
Turn   | Place    | Note
-------+----------+-------------------------------------------
     0 | D:1      | Noulsu the Ghoul Conjurer began the quest for the Orb.
     0 | D:1      | Reached XP level 1. HP: 14/14 MP: 2/2
   295 | D:1      | Reached skill level 2 in Spellcasting
   367 | D:1      | Reached XP level 2. HP: 20/20 MP: 2/4
   403 | D:1      | Learned a level 2 spell: Searing Ray
   879 | D:2      | Reached skill level 4 in Conjurations
   879 | D:2      | Reached XP level 3. HP: 21/26 MP: 1/5
  1350 | D:2      | Reached XP level 4. HP: 33/33 MP: 0/6
  1462 | D:2      | Learned a level 4 spell: Fulminant Prism
  1795 | D:3      | Noticed Robin
  1931 | D:3      | Killed Robin
  2017 | D:3      | Reached skill level 5 in Conjurations
  2089 | D:3      | Reached XP level 5. HP: 38/38 MP: 7/7
  2282 | D:3      | Reached skill level 1 in Hexes
  3373 | D:4      | Reached skill level 2 in Hexes
  3631 | D:4      | Identified the amulet of Yhaxexte {RegenMP rC+}
  3849 | D:4      | Found a staircase to the Ecumenical Temple.
  3853 | Temple   | Entered the Ecumenical Temple
  3870 | Temple   | Became a worshipper of Sif Muna the Loreminder
  3897 | D:5      | Entered Level 5 of the Dungeon
  3899 | D:5      | Noticed a black bear
  3946 | D:5      | Noticed a centaur
  3992 | D:5      | Reached XP level 6. HP: 45/45 MP: 4/9
  4013 | D:4      | Learned a level 3 spell: Kindle Blastsparks
  4024 | D:5      | Killed a black bear
  4025 | D:5      | Reached skill level 3 in Spellcasting
  4025 | D:5      | Reached skill level 1 in Translocations
  4117 | D:5      | Reached skill level 2 in Translocations
  4161 | D:5      | Noticed a sky beast
  4392 | D:5      | Killed a sky beast
  4393 | D:5      | Reached skill level 3 in Translocations
  4393 | D:5      | Reached XP level 7. HP: 45/50 MP: 4/10
  4516 | D:5      | Noticed Eustachio
  4636 | D:5      | Reached skill level 3 in Hexes
  4853 | D:5      | Killed Eustachio
  5693 | D:6      | Reached skill level 6 in Conjurations
  5880 | D:6      | Reached XP level 8. HP: 53/57 MP: 5/11
  6171 | D:6      | Found a sacrificial altar of Ru.
  6172 | D:6      | Found a shadowy altar of Dithmenos.
  6173 | D:6      | Found a radiant altar of Vehumet.
  6218 | D:6      | Reached * piety under Sif Muna
  6266 | D:6      | Reached skill level 7 in Conjurations
  6391 | D:6      | Found a bloodstained altar of Trog.
  6663 | D:7      | Found an iron altar of Okawaru.
  6664 | D:7      | Noticed a wyvern
  6673 | D:7      | Killed a wyvern
  6674 | D:7      | Reached skill level 4 in Translocations
  6818 | D:7      | Reached skill level 4 in Hexes
  6914 | D:7      | Reached skill level 4 in Spellcasting
  6919 | D:7      | Learned a level 4 spell: Iskenderun's Mystic Blast
  6998 | D:7      | Reached XP level 9. HP: 55/62 MP: 7/14
  7166 | D:7      | Learned a level 2 spell: Momentum Strike
  7223 | D:7      | Found a runed translucent door.
  7226 | D:7      | Found a shimmering altar of Xom.
  7226 | D:7      | Noticed Anon1729's ghost (novice MiMo)
  7226 | D:7      | Noticed a +3 mace of chaos
  7510 | D:8      | Reached skill level 8 in Conjurations
  7527 | D:8      | Reached ** piety under Sif Muna
  7590 | D:8      | Found Zutet's Weapon Shoppe.
  7622 | D:8      | Noticed a two-headed ogre
  7736 | D:8      | Killed a two-headed ogre
  7737 | D:8      | Reached skill level 9 in Conjurations
  7773 | D:8      | Found a staircase to the Lair.
  8106 | D:8      | Noticed a two-headed ogre
  8206 | D:8      | Killed a two-headed ogre
  8207 | D:8      | Reached skill level 5 in Hexes
  8207 | D:8      | Reached skill level 5 in Translocations
  8207 | D:8      | Reached skill level 5 in Spellcasting
  8207 | D:8      | Reached XP level 10. HP: 69/69 MP: 6/16
  8670 | D:9      | Noticed Grum
  8680 | D:9      | Reached skill level 1 in Invocations
  8690 | D:8      | Reached skill level 2 in Invocations
  8785 | D:9      | Killed Grum
  8786 | D:9      | Reached skill level 3 in Invocations
  8880 | D:9      | Reached skill level 4 in Invocations
  9355 | D:9      | Found Ribicuukhi's Assorted Antiques.
  9724 | D:10     | Entered Level 10 of the Dungeon
  9732 | D:10     | Noticed an eight-headed hydra
  9906 | D:10     | Reached skill level 10 in Conjurations
 10077 | D:10     | Killed an eight-headed hydra
 10078 | D:10     | Reached skill level 6 in Spellcasting
 10078 | D:10     | Reached XP level 11. HP: 74/74 MP: 17/19
 10094 | D:10     | Learned a level 5 spell: Iskenderun's Battlesphere
 10172 | D:10     | Noticed a two-headed ogre
 10187 | D:10     | Killed a two-headed ogre
 10188 | D:10     | Reached skill level 6 in Translocations
 10293 | D:10     | Reached skill level 6 in Hexes
 10315 | D:10     | Found a broken altar of Ashenzari.
 10423 | D:10     | Reached skill level 5 in Invocations
 10425 | D:10     | Reached *** piety under Sif Muna
 10463 | D:10     | Reached skill level 6 in Invocations
 10649 | D:11     | Reached skill level 7 in Invocations
 10725 | D:11     | Noticed a two-headed ogre
 10732 | D:11     | Killed a two-headed ogre
 10733 | D:11     | Reached skill level 8 in Invocations
 10777 | D:11     | Found a runed translucent gate.
 10777 | D:11     | Found a runed translucent gate.
 10777 | D:11     | Found a runed translucent gate.
 10777 | D:11     | Found a viscous altar of Jiyva.
 10777 | D:11     | Noticed a great orb of eyes
 10777 | D:11     | Noticed Jolojiar's ghost (journeyman OpCK)
 10869 | D:11     | Found a staircase to the Orcish Mines.
 10899 | D:11     | Reached skill level 9 in Invocations
 10902 | D:11     | Reached skill level 1 in Fighting
 10904 | D:11     | Noticed a cyclops
 10925 | D:11     | Killed a cyclops
 10926 | D:11     | Reached skill level 3 in Fighting
 10965 | D:11     | Found a frozen archway.
 10991 | IceCv    | Entered an ice cave
 11037 | IceCv    | Reached skill level 2 in Dodging
 11144 | IceCv    | Reached skill level 1 in Evocations
 11226 | IceCv    | Reached skill level 2 in Evocations
 11226 | IceCv    | Reached XP level 12. HP: 91/91 MP: 11/20
 11316 | IceCv    | Reached skill level 3 in Evocations
 11448 | IceCv    | Reached skill level 4 in Evocations
 11456 | IceCv    | Reached **** piety under Sif Muna
 11680 | IceCv    | Reached skill level 7 in Spellcasting
 11990 | D:11     | Found Xiplosch's Vocational Training.
 12326 | D:11     | Killed a great orb of eyes
 12380 | D:11     | Killed Jolojiar's ghost
 12381 | D:11     | Reached skill level 8 in Spellcasting
 12507 | Lair:1   | Entered Level 1 of the Lair of Beasts
 12698 | Lair:1   | Reached skill level 9 in Spellcasting
 12733 | Lair:1   | Found an ornate altar of the Wu Jian Council.
 12894 | Lair:1   | Identified the +0 cloak of Wu Jian's Wrath {rPois Str+2}
 13787 | Lair:2   | Reached skill level 10 in Spellcasting
 13798 | Lair:2   | Reached skill level 1 in Earth Magic
 13865 | Lair:2   | Reached XP level 13. HP: 96/96 MP: 26/26
 13871 | Lair:2   | Reached skill level 2 in Earth Magic
 13916 | Lair:2   | Reached skill level 3 in Earth Magic
 13996 | Lair:2   | Reached skill level 4 in Earth Magic
 14057 | Lair:2   | Reached skill level 5 in Earth Magic
 14191 | Lair:2   | Reached ***** piety under Sif Muna
 14300 | Lair:2   | Reached skill level 6 in Earth Magic
 14307 | Lair:2   | Learned a level 6 spell: Iron Shot
 14473 | Lair:2   | Received a gift from Sif Muna
 14474 | Lair:2   | Got Sif Muna's Monograph on Charged Conjury {god gift}
 14483 | Lair:2   | Learned a level 3 spell: Stone Arrow
 14541 | Lair:2   | Reached skill level 7 in Earth Magic
 14703 | Lair:2   | Reached skill level 8 in Earth Magic
 14848 | Lair:2   | Found a staircase to the Swamp.
 14967 | Lair:2   | Found a hole to the Spider Nest.
 15244 | Lair:3   | Reached skill level 9 in Earth Magic
 15441 | Lair:3   | Reached skill level 10 in Earth Magic
 15662 | Lair:3   | Reached skill level 11 in Earth Magic
 15975 | Lair:3   | Reached XP level 14. HP: 103/103 MP: 26/27
 15990 | Lair:3   | Reached skill level 12 in Earth Magic
 16274 | Lair:4   | Received a gift from Sif Muna
 16349 | Lair:4   | Reached skill level 13 in Earth Magic
 16806 | Lair:4   | Learned a level 5 spell: Lee's Rapid Deconstruction
 16979 | Lair:4   | Found a viscous altar of Jiyva.
 16981 | Lair:4   | Found a staircase to the Slime Pits.
 17078 | Lair:4   | Found a radiant altar of Vehumet.
 17121 | Lair:4   | Reached skill level 14 in Earth Magic
 17530 | Lair:5   | Entered Level 5 of the Lair of Beasts
 17681 | Lair:5   | Found a dark tunnel.
 17693 | Volcano  | Entered a volcano
 17890 | Volcano  | Reached skill level 15 in Earth Magic
 18469 | Lair:5   | Found a large runed translucent door.
 18529 | Lair:5   | Received a gift from Sif Muna
 18530 | Lair:5   | Got Ofrusec's Elucidation of Outbursts and Location {god
                  | gift}
 18612 | Lair:5   | Reached skill level 16 in Earth Magic
 18849 | Lair:5   | Found a large runed translucent door.
 18872 | Lair:5   | Reached skill level 11 in Spellcasting
 19034 | Lair:5   | Reached XP level 15. HP: 108/108 MP: 18/29
 19886 | D:7      | Killed Anon1729's ghost
 20048 | D:12     | Noticed Jorgrun
 20408 | D:12     | Reached skill level 17 in Earth Magic
 20507 | D:12     | Noticed Kirke
 20518 | D:12     | Killed Kirke
 20771 | D:12     | Killed Jorgrun
 20772 | D:12     | Reached skill level 12 in Spellcasting
 22131 | D:13     | Reached skill level 18 in Earth Magic
 22563 | D:13     | Received a gift from Sif Muna
 22688 | D:13     | Got Sif Muna's Monograph on Imprecation and Earth {god
                  | gift}
 22698 | D:13     | Learned a level 4 spell: Cause Fear
 23027 | D:14     | Reached skill level 13 in Spellcasting
 23105 | D:14     | Noticed Agnes
 23238 | D:14     | Killed Agnes
 23271 | D:14     | Reached skill level 14 in Spellcasting
 23460 | D:14     | Found a burning altar of Makhleb.
 23487 | D:14     | Reached XP level 16. HP: 116/116 MP: 8/33
 23544 | D:14     | Noticed Rupert
 23652 | Orc:1    | Entered Level 1 of the Orcish Mines
 23652 | Orc:1    | Noticed Erolcha
 23656 | Orc:1    | Killed Erolcha
 23789 | Orc:2    | Entered Level 2 of the Orcish Mines
 23844 | Orc:2    | Reached skill level 15 in Spellcasting
 23858 | Orc:2    | Reached skill level 4 in Fighting
 24268 | Orc:2    | Received a gift from Sif Muna
 24278 | Orc:2    | Got Sif Muna's Octavo of Outbursts and Imprecation {god
                  | gift}
 24436 | Orc:2    | Found a staircase to the Elven Halls.
 24460 | Orc:2    | Reached skill level 5 in Fighting
 24793 | Orc:2    | Reached skill level 10 in Invocations
 25349 | Orc:2    | Found Cuol's Book Emporium.
 25349 | Orc:2    | Found Ujioliadoaz's Weapon Emporium.
 25350 | Orc:2    | Found Kiav's Armour Emporium.
 25350 | Orc:2    | Found Qevuttar's Distillery.
 25493 | Orc:2    | Bought the Vellum of Wintry Shaping for 540 gold pieces
 25716 | Orc:1    | You fall into a shaft and drop 1 floor!
 25922 | Orc:1    | Reached skill level 11 in Invocations
 25922 | Orc:1    | Noticed Harold
 26227 | Orc:1    | Killed Harold
 26591 | Orc:2    | Bought a potion of heal wounds for 70 gold pieces
 26591 | Orc:2    | Bought a potion of heal wounds for 70 gold pieces
 26807 | D:14     | Found a gate to the Vaults.
 26949 | D:14     | Killed Rupert
 26949 | D:14     | Received a gift from Sif Muna
 26952 | D:14     | Got Sif Muna's Compilation of Translocational Confrontation
                  | {god gift}
 26969 | D:14     | Found a runed translucent door.
 27094 | D:14     | Found a shimmering altar of Xom.
 27094 | D:14     | Noticed Teelok's ghost (journeyman GrEE)
 27113 | D:14     | Learned a level 2 spell: Blink
 27131 | D:14     | why is that sword so though
 27131 | D:14     | Killed Teelok's ghost
 27132 | D:14     | eat chain lightning. there goes the piety
 27465 | D:15     | Entered Level 15 of the Dungeon
 27552 | D:15     | Reached skill level 12 in Invocations
 27639 | D:15     | Found a snail-covered altar of Cheibriados.
 27838 | D:15     | Reached skill level 5 in Evocations
 28372 | D:15     | Found a staircase to the Depths.
 29563 | D:15     | Learned a level 4 spell: Petrify
 29842 | Spider:1 | Entered Level 1 of the Spider Nest
 30065 | Spider:1 | Reached skill level 19 in Earth Magic
 30113 | Spider:1 | Reached XP level 17. HP: 126/126 MP: 1/35
 30466 | Spider:1 | Identified the +3 robe of Wu Jian's Supremacy {Harm Str+3}
 31599 | Spider:2 | Noticed Roxanne
 32137 | Spider:2 | Killed Roxanne
 32138 | Spider:2 | Reached skill level 20 in Earth Magic
 32929 | Spider:3 | Identified the +11 sling of Untimely Demise {drain, Will++}
 33108 | Spider:3 | Noticed Arachne
 33224 | Spider:3 | Killed Arachne
 33439 | Spider:3 | Found a large runed translucent door.
 33439 | Spider:3 | Found a large runed translucent door.
 33440 | Spider:3 | Noticed Ofeolo's ghost (adept VSHs)
 34029 | Spider:3 | Killed Ofeolo's ghost
 34053 | Spider:3 | Identified the +3 mace of Qung {flame, rF+ rN+}
 34622 | Swamp:1  | Entered Level 1 of the Swamp
 34870 | Swamp:1  | Reached skill level 21 in Earth Magic
 35738 | Swamp:2  | Received a gift from Sif Muna
 35739 | Swamp:2  | Got Sif Muna's Practical Magic {god gift}
 36325 | Swamp:2  | Found a transporter.
 36325 | Swamp:2  | Identified the ring of Free Will {Will+ Str+3 Dex+6}
 36344 | Swamp:2  | Found a transporter.
 36589 | Swamp:3  | Reached skill level 22 in Earth Magic
 37091 | Swamp:3  | Reached XP level 18. HP: 117/133 MP: 23/36
 37467 | Swamp:4  | Entered Level 4 of the Swamp
 38024 | Swamp:4  | Reached skill level 23 in Earth Magic
 38039 | Swamp:4  | Noticed Leeroy's ghost (adept GnWr)
 38568 | Swamp:4  | Found a transporter.
 38598 | Swamp:4  | Found a transporter.
 39115 | Swamp:4  | Noticed a tentacled monstrosity
 39137 | Swamp:4  | Killed a tentacled monstrosity
 39370 | Swamp:4  | Reached skill level 24 in Earth Magic
 39454 | Swamp:4  | Got a decaying rune of Zot
 39827 | Spider:4 | Entered Level 4 of the Spider Nest
 40856 | Spider:4 | Received a gift from Sif Muna
 40864 | Spider:4 | Got Wabbo's Elucidation of the Lithosphere {god gift}
 41578 | Spider:4 | Reached XP level 19. HP: 138/138 MP: 20/37
 41768 | Spider:4 | Reached skill level 11 in Conjurations
 41777 | Spider:4 | Learned a level 5 spell: Irradiate
 42635 | Spider:4 | Got a gossamer rune of Zot
 43021 | D:8      | Learned a level 9 spell: Shatter
 43204 | Swamp:2  | Reached skill level 12 in Conjurations
 43775 | Swamp:4  | Killed Leeroy's ghost
 43894 | Swamp:4  | Identified the +3 hat "Ketucieg" {Will+ Int+6}
 44205 | Elf:1    | Entered Level 1 of the Elven Halls
 44349 | Elf:1    | Received a gift from Sif Muna
 44350 | Elf:1    | Got Zown's Teachings on Relocation and Quicksand {god gift}
 44569 | Elf:1    | Found Poigoze's Book Shop.
 44997 | Elf:1    | Reached skill level 25 in Earth Magic
 45168 | Elf:1    | Learned a level 5 spell: Borgnjor's Vile Clutch
 45667 | Elf:1    | Identified the +10 quarterstaff of the Hero {protect, rPois
                  | rF+ Str-2}
 46051 | Elf:1    | Identified the +1 falchion of the Blind Eye {speed, rF+ rC+
                  | Dex+5}
 46418 | Elf:2    | Found Caunut's General Store.
 46620 | Elf:2    | Paralysed by an air elemental for 1 turns
 46693 | Elf:2    | Found a runed translucent gate.
 46693 | Elf:2    | Found a runed translucent gate.
 46693 | Elf:2    | Found a runed translucent gate.
 46742 | Elf:2    | Reached skill level 16 in Spellcasting
 46777 | Elf:2    | Identified the +0 longbow of Qotosher {freeze, rPois rC-
                  | Str+9 Dex-5}
 47040 | Elf:2    | Reached XP level 20. HP: 136/146 MP: 17/39
 47242 | Elf:2    | Received a gift from Sif Muna
 47243 | Elf:2    | Got Sif Muna's Directory of Gusty Bruises {god gift}
 47733 | Elf:2    | Reached skill level 17 in Spellcasting
 48211 | Elf:3    | Entered Level 3 of the Elven Halls
 48456 | Elf:3    | Found Danaimin's Armour Emporium.
 48475 | Elf:3    | Found Gagh's Jewellery Shop.
 48978 | Elf:3    | Reached skill level 18 in Spellcasting
 49042 | Elf:3    | Received a gift from Sif Muna
 49077 | Elf:3    | Identified the ring "Atugill" {rElec rF+ Dex+6}
 49211 | Elf:3    | Reached skill level 7 in Translocations
 49268 | Elf:3    | Identified the amulet of Riratha {Spirit Harm Will- MP+9}
 49415 | Elf:3    | Identified the ring "Aliplip" {rPois rC- Dex+7 Slay+5 SInv}
 49493 | Elf:3    | Reached skill level 8 in Translocations
 49493 | Elf:3    | Paralysed by an air elemental for 1 turns
 49603 | Elf:3    | Identified the +7 short sword "Lail Fexe" {pain, rN+ Dex+3}
 49761 | Elf:3    | Identified the +0 scimitar "Ceagh" {heavy, rCorr Int+7}
 49761 | Elf:3    | Identified the ring "Redufuad" {Fire Str+2}
 49846 | Elf:3    | Identified the +5 scale mail of the Dwarven Hall {rN+}
 50044 | Elf:3    | Found Zag Imam's Magic Scroll Boutique.
 50057 | Elf:3    | Bought a scroll of blinking for 142 gold pieces
 50057 | Elf:3    | Bought a scroll of enchant armour for 142 gold pieces
 50326 | D:11     | Learned a level 6 spell: Dispersal
 50373 | Vaults:1 | Entered Level 1 of the Vaults
 50499 | Vaults:1 | Found a flickering gateway to a bazaar.
 50517 | Bazaar   | Entered a bazaar
 50517 | Bazaar   | Found Fiplocu's General Store.
 50527 | Bazaar   | Found Jinekaan's Antique Weapon Emporium.
 50538 | Bazaar   | Found Vyfonelicw's Antique Armour Boutique.
 50548 | Bazaar   | Found Zuill's Distillery.
 50559 | Bazaar   | Found Zupneoge's Jewellery Emporium.
 50600 | Bazaar   | Bought a transparent quarterstaff for 216 gold pieces
 50600 | Bazaar   | Identified the +9 quarterstaff of the Grave {drain, rElec
                  | rF- rC+ Str+2} (You bought it in a shop in a bazaar)
 50615 | Bazaar   | Bought an embroidered cloak for 157 gold pieces
 50615 | Bazaar   | Bought an embroidered cloak for 157 gold pieces
 50624 | Bazaar   | Bought a potion of haste for 150 gold pieces
 50624 | Bazaar   | Bought a potion of haste for 150 gold pieces
 50635 | Bazaar   | Bought a ring of wizardry for 180 gold pieces
 50660 | Bazaar   | Bought a masterwork bardiche for 336 gold pieces
 50660 | Bazaar   | Identified the +9 bardiche "Xyklibri" {freeze, Fly} (You
                  | bought it in a shop in a bazaar)
 50671 | Bazaar   | Bought a potion of curing for 30 gold pieces
 50671 | Bazaar   | Bought a potion of curing for 30 gold pieces
 50701 | Vaults:1 | Found a crumbling gateway.
 50748 | Desolati | Entered the Desolation of Salt
 50750 | Desolati | Reached skill level 9 in Translocations
 50758 | Desolati | Reached XP level 21. HP: 139/151 MP: 24/42
 50904 | Desolati | Received a gift from Sif Muna
 50905 | Desolati | Got Sif Muna's Atlas of Weather and Unhallowed Spells {god
                  | gift}
 50939 | Desolati | Reached skill level 10 in Translocations
 51123 | Desolati | Identified the ring of the Fool {Fire SInv}
 51125 | Desolati | Identified the +1 sling of Daeteonn {heavy, Fragile rPois
                  | Will+ Dex+3}
 51182 | Desolati | Got Rysuffy's Lectures on Earth and Impurities
 51255 | Desolati | Reached skill level 11 in Translocations
 51256 | Desolati | Identified the +7 quarterstaff of Hacking and Slashing
                  | {spect, rCorr Str+3 Int+2}
 51256 | Desolati | Identified the ring "Jagios" {rElec rC+ Dex-5 SInv Stlth+}
 51290 | Desolati | Reached skill level 6 in Fighting
 51441 | Desolati | Reached skill level 7 in Fighting
 51478 | Desolati | Identified the amulet of Jyuthynoo {Regen+ Str+6}
 51482 | Desolati | Identified the +5 dagger "Suijostro" {protect, *Rage rN++
                  | Str+5}
 51489 | Desolati | Identified the ring "Nimm" {Will+++ Int+6}
 52822 | Vaults:1 | Reached skill level 12 in Translocations
 52882 | Vaults:1 | Noticed Aizul
 52886 | Vaults:1 | Killed Aizul
 53138 | Vaults:2 | Received a gift from Sif Muna
 53139 | Vaults:2 | Got Xumasche's Information on the Supportive Syncline {god
                  | gift}
 53808 | Vaults:2 | Reached skill level 13 in Translocations
 53837 | Vaults:2 | Noticed Asterion
 53840 | Vaults:2 | Killed Asterion
 54263 | Vaults:2 | Found a staircase to the Crypt.
 54771 | Vaults:2 | Reached XP level 22. HP: 145/166 MP: 9/43
 54780 | Vaults:2 | Reached skill level 14 in Translocations
 55675 | Vaults:3 | Reached skill level 15 in Translocations
 55678 | Vaults:3 | Received a gift from Sif Muna
 55679 | Vaults:3 | Got Sif Muna's Precepts of Relocated Interference {god
                  | gift}
 55962 | Vaults:3 | Found Kimaimm's Jewellery Emporium.
 57497 | Vaults:4 | Found a portal to a secret trove of treasure.
 57617 | Vaults:4 | Reached skill level 19 in Spellcasting
 57626 | Vaults:4 | Reached skill level 8 in Fighting
 57683 | Vaults:4 | Found a magical portal.
 57694 | WizLab   | Entered Borgnjor's Mausoleum
 57701 | WizLab   | Learned a level 5 spell: Fireball
 58137 | Vaults:4 | Noticed Xtahua
 58144 | Vaults:4 | Killed Xtahua
 58257 | Vaults:4 | Noticed Sojobo
 58258 | Vaults:4 | Received a gift from Sif Muna
 58629 | Vaults:4 | Paralysed by an air elemental for 1 turns
 58632 | Vaults:4 | Reached skill level 16 in Translocations
 58632 | Vaults:4 | Reached XP level 23. HP: 148/176 MP: 10/45
 58632 | Vaults:4 | Killed Sojobo
 59059 | Vaults:4 | Identified the +1 pair of boots of the Good {rC- Dex+7}
 59089 | Vaults:4 | Got Sif Muna's Incunable of Heat and Energy {god gift}
 60097 | Crypt:1  | Entered Level 1 of the Crypt
 61205 | Crypt:2  | Found a runed translucent gate.
 61206 | Crypt:2  | Found a runed translucent gate.
 61206 | Crypt:2  | Found a runed translucent gate.
 61209 | Crypt:2  | Noticed Nuh Ema's ghost (veteran HuVM)
 61471 | Crypt:2  | Found a basalt altar of Yredelemnul.
 61538 | Crypt:2  | Found an iron altar of Okawaru.
 61716 | Crypt:2  | Reached skill level 20 in Spellcasting
 61726 | Crypt:2  | Killed Nuh Ema's ghost
 61897 | Crypt:2  | Learned a level 8 spell: Disjunction
 61898 | Crypt:3  | Entered Level 3 of the Crypt
 61905 | Crypt:3  | Received a gift from Sif Muna
 61906 | Crypt:3  | Got Sif Muna's Secrets of the Sun {god gift}
 62160 | Crypt:3  | Found a staircase to the Tomb.
 62500 | Crypt:3  | Reached skill level 17 in Translocations
 62521 | Crypt:3  | Noticed Jory
 62529 | Crypt:3  | Killed Jory
 63371 | Crypt:3  | Reached skill level 18 in Translocations
 63607 | Crypt:3  | Identified the ring of Fitoar {*Corrode rC+ MP+9 Str+3
                  | Slay+2}
 63613 | Crypt:3  | Got the Octavo of the Five Xalams
 64193 | Vaults:5 | Entered Level 5 of the Vaults
 64194 | Vaults:5 | Received a gift from Sif Muna
 64195 | Vaults:5 | Reached XP level 24. HP: 183/183 MP: 39/46
 64206 | Vaults:5 | Noticed a dread lich
 64208 | Vaults:5 | Killed a dread lich
 64218 | Vaults:5 | Reached skill level 21 in Spellcasting
 64230 | Vaults:5 | Received a gift from Sif Muna
 64295 | Vaults:5 | Got Sif Muna's Spellbook of Telluric Companions {god gift}
 64324 | Vaults:5 | Identified the +1 ring mail "Guklit" {Regen+}
 64432 | Vaults:5 | Reached skill level 22 in Spellcasting
 64436 | Vaults:5 | Identified the +2 spear of Hacking and Slashing {spect,
                  | rPois rN+}
 64645 | Vaults:5 | Reached skill level 13 in Conjurations
 64965 | Vaults:5 | Noticed an ancient lich
 64967 | Vaults:5 | Killed an ancient lich
 65097 | Vaults:5 | Received a gift from Sif Muna
 65206 | Vaults:5 | Identified the ring "Aweapaopoll" {rElec rC+ Will- MP+9
                  | Dex+3}
 65212 | Vaults:5 | Identified the +6 battleaxe of Ru's Wrath {heavy, Dex+3}
 65437 | Vaults:5 | Noticed an ancient lich
 65439 | Vaults:5 | Killed an ancient lich
 65440 | Vaults:5 | Reached XP level 25. HP: 190/190 MP: 31/48
 65690 | Vaults:5 | Identified the +7 dagger "Catoid" {heavy, rF+ rC+ Will+
                  | Dex-2}
 65703 | Vaults:5 | Identified the +9 chain mail of the Enchanted Forest {rElec
                  | rF+++ rCorr Int-3}
 65952 | Vaults:5 | Found the +18 shield of the Gong {Loud rN+ Will+ rCorr
                  | EV-5}
 65965 | Vaults:5 | Identified the +10 plate armour of Besoah {Will+ Slay+3
                  | Stlth+}
 65978 | Vaults:5 | Got a silver rune of Zot
 66379 | D:15     | Learned a level 7 spell: Orb of Destruction
 66381 | Depths:1 | Entered Level 1 of the Depths
 66393 | Depths:1 | Reached skill level 1 in Shields
 66393 | Depths:1 | Reached skill level 14 in Conjurations
 66470 | Depths:1 | Reached skill level 2 in Shields
 66637 | Depths:1 | Noticed Saint Roka
 66640 | Depths:1 | Killed Saint Roka
 66855 | Depths:1 | Found a gateway to Hell.
 66962 | Depths:1 | Found a one-way gate to the infinite horrors of the Abyss.
 66984 | Depths:1 | Found a shimmering altar of Xom.
 67058 | Depths:1 | Found Fang's Book Emporium.
 67059 | Depths:1 | Found Ilaerac's Jewellery Shop.
 67060 | Depths:1 | Found Woceur's Book Emporium.
 67083 | Depths:1 | Found a blossoming altar of Fedhas.
 67601 | Depths:2 | Received a gift from Sif Muna
 67602 | Depths:2 | Got Sif Muna's Grimoire of Aeromancy and the Coward {god
                  | gift}
 68078 | Depths:2 | Reached skill level 23 in Spellcasting
 68095 | Depths:2 | Reached skill level 1 in Summonings
 68147 | Depths:2 | Reached skill level 2 in Summonings
 68443 | Depths:2 | Found a one-way gate leading to the halls of Pandemonium.
 68446 | Depths:2 | Reached skill level 3 in Summonings
 68736 | Depths:2 | Found Toto Heh's Magic Scroll Shoppe.
 68744 | Depths:2 | Bought a scroll of fog for 76 gold pieces
 68906 | Depths:2 | Reached skill level 4 in Summonings
 68921 | Depths:2 | Found Qiofukiv's General Store.
 68929 | Depths:2 | Bought a potion of curing for 45 gold pieces
 69138 | Depths:2 | Reached skill level 5 in Summonings
 69926 | Depths:3 | Noticed Louise
 69929 | Depths:3 | Killed Louise
 70112 | Depths:3 | Found a one-way gateway to a ziggurat.
 70386 | Depths:3 | Received a gift from Sif Muna
 70387 | Depths:3 | Got Sif Muna's Anthology of Accomplices and the Fjord {god
                  | gift}
 70475 | Depths:3 | Noticed a juggernaut
 70477 | Depths:3 | Killed a juggernaut
 70620 | Depths:4 | Entered Level 4 of the Depths
 70812 | Depths:4 | Reached XP level 26. HP: 196/196 MP: 32/49
 71172 | Depths:4 | Found a sacrificial altar of Ru.
 71627 | Depths:4 | Noticed a juggernaut
 71629 | Depths:4 | Killed a juggernaut
 71630 | Depths:4 | Reached skill level 24 in Spellcasting
 71638 | Depths:4 | Learned a level 7 spell: Spellforged Servitor
 71863 | Depths:4 | Reached skill level 6 in Summonings
 71919 | Depths:4 | Reached skill level 7 in Summonings
 72096 | Depths:4 | Reached skill level 8 in Summonings
 72432 | Depths:4 | Reached skill level 9 in Summonings
 72588 | Depths:4 | Identified the +8 shortbow of Feak {elec, rF++ Str-3 Dex+2
                  | SInv}
 72637 | Depths:4 | Reached skill level 10 in Summonings
 72989 | Depths:4 | Identified the +9 demon blade "Ischegh" {freeze, rC+ Will+
                  | Str+2}
 72990 | Depths:4 | Received a gift from Sif Muna
 72991 | Depths:4 | Got Sif Muna's Atlas of the Violent Commander {god gift}
 73084 | Depths:4 | Found a gate to the Realm of Zot.
 73259 | Depths:4 | Identified the +1 short sword of the Gnat {freeze, Int+3}
 73261 | Depths:4 | Identified the +1 chain mail of Qazlal, Hammering {Int+5}
 73701 | D:15     | Learned a level 8 spell: Lehudib's Crystal Spear
 73733 | Depths:1 | Voluntarily entered the Abyss.
 73737 | Abyss:1  | Found a corrupted altar of Lugonu.
 73782 | Abyss:1  | Found a basalt altar of Yredelemnul.
 73824 | Abyss:1  | Found a corrupted altar of Lugonu.
 73874 | Abyss:1  | Found a viscous altar of Jiyva.
 73885 | Abyss:1  | Found a viscous altar of Jiyva.
 74176 | Abyss:1  | Reached skill level 11 in Summonings
 74354 | Abyss:1  | Found a corrupted altar of Lugonu.
 74442 | Abyss:1  | Found a corrupted altar of Lugonu.
 74481 | Depths:1 | Escaped the Abyss
 74483 | Depths:1 | Voluntarily entered the Abyss.
 74565 | Abyss:1  | Found a corrupted altar of Lugonu.
 74586 | Abyss:1  | Found a stormy altar of Qazlal.
 74633 | Abyss:1  | Found a corrupted altar of Lugonu.
 74638 | Abyss:1  | Found a corrupted altar of Lugonu.
 74687 | Abyss:1  | Reached skill level 12 in Summonings
 74723 | Abyss:1  | Found a corrupted altar of Lugonu.
 74943 | Abyss:1  | Reached ****** piety under Sif Muna
 74971 | Abyss:1  | Reached skill level 13 in Summonings
 75002 | Abyss:1  | Reached XP level 27. HP: 157/203 MP: 32/50
 75374 | Abyss:1  | Found a corrupted altar of Lugonu.
 75414 | Abyss:1  | Found a corrupted altar of Lugonu.
 75911 | Abyss:1  | Reached skill level 25 in Spellcasting
 76326 | Abyss:1  | Found a corrupted altar of Lugonu.
 77585 | Abyss:2  | Reached skill level 26 in Spellcasting
 77711 | Abyss:2  | Reached skill level 6 in Evocations
 77728 | Abyss:2  | Reached skill level 7 in Evocations
 77930 | Abyss:2  | Reached skill level 8 in Evocations
 78000 | Abyss:2  | Reached skill level 9 in Evocations
 78075 | Abyss:3  | Reached skill level 1 in Ice Magic
 78112 | Abyss:3  | Reached skill level 2 in Ice Magic
 78133 | Abyss:3  | Reached skill level 3 in Ice Magic
 78153 | Abyss:3  | Reached skill level 4 in Ice Magic
 78183 | Abyss:3  | Reached skill level 5 in Ice Magic
 78301 | Abyss:3  | Reached skill level 6 in Ice Magic
 78420 | Abyss:3  | Reached skill level 7 in Ice Magic
 78479 | Abyss:3  | Found a corrupted altar of Lugonu.
 78506 | Abyss:3  | Reached skill level 8 in Ice Magic
 78528 | Abyss:3  | Got an abyssal rune of Zot
 78633 | Abyss:3  | Reached skill level 9 in Ice Magic
 78704 | Abyss:3  | Reached skill level 10 in Ice Magic
 78929 | Abyss:3  | Reached skill level 11 in Ice Magic
 79033 | Depths:1 | Escaped the Abyss
 79192 | D:11     | Bought a manual of Evocations for 1200 gold pieces
 79192 | D:11     | Bought a manual of Invocations for 1200 gold pieces
 79517 | Elf:2    | Bought a scroll of acquirement for 988 gold pieces
 79517 | Elf:2    | Acquired the amulet "Arel" {Acrobat Int+6}
 79689 | D:14     | Learned a level 5 spell: Lee's Rapid Deconstruction
 79904 | Slime:1  | Entered Level 1 of the Pits of Slime
 80502 | Slime:2  | Reached skill level 12 in Ice Magic
 80922 | Slime:3  | Noticed Dissolution
 80927 | Slime:3  | Killed Dissolution
 80928 | Slime:3  | Reached skill level 13 in Ice Magic
 81478 | Slime:4  | Reached skill level 14 in Ice Magic
 81807 | Slime:5  | Entered Level 5 of the Pits of Slime
 81833 | Slime:5  | Noticed the Royal Jelly
 81837 | Slime:5  | Reached skill level 15 in Ice Magic
 82519 | Slime:5  | Killed the Royal Jelly
 82520 | Slime:5  | Reached skill level 16 in Ice Magic
 82820 | Slime:5  | Got a slimy rune of Zot
 82824 | Slime:5  | Identified the +4 spear of the Rat {speed, Will+ Dex+3}
 82842 | Slime:5  | Identified the +1 scale mail "Zajaomoa" {rElec Slay+2}
 82847 | Slime:5  | Identified the +0 pair of boots "Westreng" {Fly Int+2}
 83667 | Hell     | Entered the Vestibule of Hell
 83667 | Hell     | Noticed Geryon
 83685 | Hell     | Killed Geryon
 83689 | Hell     | Reached skill level 17 in Ice Magic
 83716 | Hell     | Reached skill level 18 in Ice Magic
 84084 | Hell     | Found a gateway to the decaying netherworld of Tartarus.
 84248 | Hell     | Found a gateway to the Iron City of Dis.
 84458 | Hell     | Found a gateway to the ashen valley of Gehenna.
 84555 | Hell     | Found a gateway to the freezing wastes of Cocytus.
 84903 | Vaults:4 | You paid a toll of the horn of Geryon to enter a treasure
                  | trove
 84904 | Trove    | Entered a treasure trove
 84908 | Trove    | Identified the amulet of Vocruar {Reflect Dex+4 SH+5}
 84912 | Trove    | Identified the amulet of Iryfoasch {Faith Will+ Int+2}
 84914 | Trove    | Identified the +0 buckler "Fajefaamp" {Rampage *Corrode
                  | Fly}
 84916 | Trove    | Identified the +1 hat "Fidou" {Will+ MP+9 Str+3}
 84918 | Trove    | Identified the +1 hat "Ofiguwk" {Int+2}
 84928 | Trove    | Identified the ring "Giysamm" {rPois rF- rN++ Will+ Str+6}
 84935 | Trove    | Identified the ring "Muyfauho" {Str+3 SInv}
 84939 | Trove    | Identified the ring of Menodd {rPois rF+ Will+}
 84995 | Trove    | Identified the ring "Tinwext" {Fire Drain Will+ Int+6 SInv}
 84999 | Trove    | Identified the ring of Qualan {rCorr MP+9 Str+2 Dex+6}
 85013 | Trove    | Identified the ring of Biruom {rC++ AC+4}
 85264 | Depths:2 | Bought a scroll of amnesia for 76 gold pieces
 85269 | Depths:2 | Learned a level 3 spell: Ozocubu's Armour
 85279 | Depths:2 | Learned a level 9 spell: Polar Vortex
 85547 | Tomb:1   | Entered Level 1 of the Tomb of the Ancients
 85679 | Tomb:1   | Reached skill level 19 in Ice Magic
 86141 | Tomb:1   | Noticed a royal mummy
 86148 | Tomb:1   | Killed a royal mummy
 86265 | Tomb:1   | Noticed a royal mummy
 86279 | Tomb:1   | Killed a royal mummy
 86280 | Tomb:1   | Reached skill level 20 in Ice Magic
 86759 | Tomb:1   | Noticed a royal mummy
 86767 | Tomb:1   | Killed a royal mummy
 86768 | Tomb:1   | Noticed a royal mummy
 86768 | Tomb:1   | Noticed a royal mummy
 86769 | Tomb:1   | Noticed a royal mummy
 86773 | Tomb:1   | Killed a royal mummy
 86773 | Tomb:1   | Killed a royal mummy
 86773 | Tomb:1   | Killed a royal mummy
 86773 | Tomb:1   | Noticed a royal mummy
 86774 | Tomb:1   | Noticed a royal mummy
 86774 | Tomb:1   | Noticed a royal mummy
 86837 | Tomb:1   | Killed a royal mummy
 86838 | Tomb:1   | Killed a royal mummy
 86841 | Tomb:1   | Killed a royal mummy
 86902 | Tomb:1   | Reached skill level 21 in Ice Magic
 86906 | Tomb:1   | Noticed a royal mummy
 86915 | Tomb:1   | Killed a royal mummy
 86916 | Tomb:1   | Noticed a royal mummy
 86919 | Tomb:1   | Noticed a royal mummy
 86919 | Tomb:1   | Noticed a royal mummy
 86921 | Tomb:1   | Killed a royal mummy
 86921 | Tomb:1   | Killed a royal mummy
 87006 | Tomb:1   | Noticed a royal mummy
 87007 | Tomb:1   | Killed a royal mummy
 87009 | Tomb:1   | Killed a royal mummy
 87031 | Tomb:1   | Noticed a royal mummy
 87038 | Tomb:1   | Killed a royal mummy
 87047 | Tomb:1   | Noticed a royal mummy
 87054 | Tomb:1   | Killed a royal mummy
 87142 | Tomb:1   | Noticed a royal mummy
 87150 | Tomb:1   | Killed a royal mummy
 87183 | Tomb:1   | Noticed a royal mummy
 87187 | Tomb:1   | Killed a royal mummy
 87188 | Tomb:1   | Reached skill level 22 in Ice Magic
 87223 | Tomb:1   | Noticed a royal mummy
 87234 | Tomb:1   | Killed a royal mummy
 87238 | Tomb:1   | Noticed a royal mummy
 87242 | Tomb:1   | Killed a royal mummy
 87376 | Tomb:1   | Noticed a royal mummy
 87388 | Tomb:1   | Killed a royal mummy
 87446 | Tomb:1   | Noticed a royal mummy
 87451 | Tomb:1   | Killed a royal mummy
 87525 | Tomb:1   | Noticed a royal mummy
 87531 | Tomb:1   | Killed a royal mummy
 87817 | Tomb:2   | Noticed a royal mummy
 87820 | Tomb:2   | Noticed a royal mummy
 87822 | Tomb:2   | Killed a royal mummy
 87827 | Tomb:2   | Killed a royal mummy
 87834 | Tomb:2   | Noticed a royal mummy
 87842 | Tomb:2   | Killed a royal mummy
 87843 | Tomb:2   | Reached skill level 23 in Ice Magic
 87844 | Tomb:2   | Noticed a royal mummy
 87849 | Tomb:2   | Killed a royal mummy
 88368 | Tomb:3   | Entered Level 3 of the Tomb of the Ancients
 88383 | Tomb:3   | Noticed a royal mummy
 88383 | Tomb:3   | Noticed a royal mummy
 88386 | Tomb:3   | Noticed a royal mummy
 88387 | Tomb:3   | Reached skill level 24 in Ice Magic
 88388 | Tomb:3   | Killed a royal mummy
 88388 | Tomb:3   | Killed a royal mummy
 88390 | Tomb:3   | Killed a royal mummy
 88394 | Tomb:3   | Noticed a royal mummy
 88397 | Tomb:3   | Killed a royal mummy
 88400 | Tomb:3   | Noticed a royal mummy
 88406 | Tomb:3   | Killed a royal mummy
 88407 | Tomb:3   | Reached skill level 25 in Ice Magic
 88414 | Tomb:3   | Noticed a royal mummy
 88418 | Tomb:3   | Killed a royal mummy
 88418 | Tomb:3   | Noticed a royal mummy
 88419 | Tomb:3   | Reached skill level 13 in Invocations
 88421 | Tomb:3   | Killed a royal mummy
 88421 | Tomb:3   | Noticed a royal mummy
 88423 | Tomb:3   | Killed a royal mummy
 88423 | Tomb:3   | Noticed a royal mummy
 88424 | Tomb:3   | Reached skill level 14 in Invocations
 88427 | Tomb:3   | Killed a royal mummy
 88441 | Tomb:3   | Reached skill level 15 in Invocations
 88650 | Tomb:3   | Found the +6 Majin-Bo {spellvamp, MP+6 Int+6}
 88664 | Tomb:3   | Identified the ring "Maro" {rN+ Stlth+}
 88699 | Tomb:3   | Identified the +2 quarterstaff "Okuarr" {pain, Dex+5}
 88721 | Tomb:3   | Identified the +1 robe "Doagy" {rPois rF+ Will+ Slay+3}
 88725 | Tomb:3   | Identified the +6 battleaxe of Slime {drain, *Rage rElec
                  | rPois SInv}
 88748 | Tomb:3   | Identified the amulet "Yhimiase" {Reflect Rampage rElec
                  | rPois rF+ SH+5}
 88912 | Tomb:3   | Got a golden rune of Zot
 89213 | D:14     | Learned a level 5 spell: Yara's Violent Unravelling
 89397 | Zot:1    | Entered Level 1 of the Realm of Zot
 89529 | Zot:1    | Reached skill level 1 in Transmutations
 89773 | Zot:1    | Reached skill level 2 in Transmutations
 90050 | Zot:1    | Noticed an orb of fire
 90050 | Zot:1    | Noticed an orb of fire
 90054 | Zot:1    | Killed an orb of fire
 90054 | Zot:1    | Noticed an orb of fire
 90060 | Zot:1    | Killed an orb of fire
 90061 | Zot:1    | Reached skill level 10 in Evocations
 90067 | Zot:1    | Killed an orb of fire
 90068 | Zot:1    | Reached skill level 3 in Transmutations
 90325 | Zot:1    | You are sucked into a shaft and drop 1 floor!
 90877 | Zot:2    | Reached skill level 11 in Evocations
 91063 | Zot:2    | Reached skill level 12 in Evocations
 91686 | Zot:3    | Noticed Vv
 91689 | Zot:3    | Killed Vv
 91773 | Zot:3    | Reached skill level 13 in Evocations
 91798 | Zot:3    | Reached skill level 14 in Evocations
 91918 | Zot:3    | Found a runed translucent gate.
 91918 | Zot:3    | Found a runed translucent gate.
 91918 | Zot:3    | Found a runed translucent gate.
 91920 | Zot:3    | Found an opulent altar of Gozag.
 91920 | Zot:3    | Noticed Odghynix's ghost (master TrAr)
 91921 | Zot:3    | Found Namodir's Assorted Antiques.
 91921 | Zot:3    | Found Avoepeuwk's Assorted Antiques.
 91927 | Zot:3    | Found a transporter.
 91930 | Zot:3    | Found a transporter.
 92187 | Zot:3    | Reached skill level 15 in Evocations
 93098 | Zot:3    | Reached skill level 1 in Armour
 93129 | Zot:3    | Found a transporter.
 93133 | Zot:3    | Reached skill level 2 in Armour
 93133 | Zot:3    | Found a transporter.
 93508 | Zot:4    | Noticed an orb of fire
 93511 | Zot:4    | Killed an orb of fire
 93512 | Zot:4    | Reached skill level 3 in Armour
 93516 | Zot:4    | Identified the +6 battleaxe of Termination {freeze, Will+}
 93564 | Zot:4    | Reached skill level 4 in Armour
 93690 | Zot:4    | Identified the +0 leather armour of Gozag's Esteem {Rampage
                  | rCorr}
 93926 | Zot:4    | Reached skill level 9 in Fighting
 94313 | Zot:4    | Reached skill level 3 in Dodging
 94788 | Zot:3    | Reached skill level 4 in Dodging
 94819 | Zot:3    | Reached skill level 5 in Dodging
 94843 | Zot:3    | Killed Odghynix's ghost
 94949 | Zot:3    | Bought a scroll of enchant armour for 390 gold pieces
 94949 | Zot:3    | Bought a glowing scarf for 416 gold pieces
 94949 | Zot:3    | Bought a wand of quicksilver (7) for 1528 gold pieces
 95434 | Pan      | Entered Pandemonium
 95571 | Pan      | Noticed Rieliph the pandemonium lord
 95612 | Pan      | Killed Rieliph the pandemonium lord
 95642 | Pan      | Reached skill level 10 in Fighting
 96135 | Pan      | Reached skill level 5 in Armour
 96506 | Pan      | Identified the +4 dire flail of the Equator {flame, Int+3}
 96852 | Pan      | Reached skill level 6 in Armour
 96899 | Pan      | Noticed Daywkes the pandemonium lord
 96903 | Pan      | Killed Daywkes the pandemonium lord
 96956 | Pan      | Reached skill level 7 in Armour
 97041 | Pan      | Reached skill level 8 in Armour
 97719 | Pan      | Found a huge runed translucent gate.
 97720 | Pan      | Found a huge runed translucent gate.
 97721 | Pan      | Found a huge runed translucent gate.
 97733 | Pan      | Reached skill level 11 in Fighting
 97936 | Pan      | Found a huge runed translucent gate.
 97936 | Pan      | Found a huge runed translucent gate.
 97936 | Pan      | Found a huge runed translucent gate.
 97936 | Pan      | Found a huge runed translucent gate.
 97969 | Pan      | Reached skill level 12 in Fighting
 98065 | Pan      | Noticed Toasut the pandemonium lord
 98088 | Pan      | Killed Toasut the pandemonium lord
 98130 | Depths:2 | Escaped Pandemonium
 98160 | Pan      | Entered Pandemonium
 98160 | Pan      | Noticed Gisib the pandemonium lord
 98171 | Pan      | Killed Gisib the pandemonium lord
 98172 | Pan      | Reached skill level 13 in Fighting
 98186 | Pan      | Got a demonic rune of Zot
 98338 | Pan      | Reached skill level 14 in Fighting
 99031 | Pan      | Noticed Kolomu Sehi the pandemonium lord
 99041 | Pan      | Killed Kolomu Sehi the pandemonium lord
 99064 | Pan      | Reached skill level 15 in Fighting
 99163 | Pan      | Reached skill level 9 in Armour
 99615 | Pan      | Entered the realm of Mnoleg.
 99693 | Pan      | Reached skill level 10 in Armour
100246 | Pan      | Reached skill level 11 in Armour
100880 | Pan      | Reached skill level 12 in Armour
101171 | Pan      | Reached skill level 13 in Armour
101218 | Pan      | Noticed Mnoleg
101228 | Pan      | Killed Mnoleg
101241 | Pan      | Reached skill level 6 in Dodging
101325 | Pan      | Got a glowing rune of Zot
101433 | Pan      | Found a runed translucent door.
101800 | Pan      | Reached skill level 7 in Dodging
102074 | Pan      | Reached skill level 8 in Dodging
102162 | Pan      | Noticed Luheamo the pandemonium lord
102167 | Pan      | Killed Luheamo the pandemonium lord
102168 | Pan      | Reached skill level 9 in Dodging
102209 | Pan      | Noticed Adaeho the pandemonium lord
102249 | Pan      | Killed Adaeho the pandemonium lord
102503 | Pan      | Identified the amulet of Happiness {Acrobat Str+4}
102508 | Pan      | Identified the +5 pair of gloves of the Hills {-Tele Str+5
                  | Dex-5 SInv}
102723 | Pan      | Reached skill level 16 in Fighting
103129 | Pan      | Found a runed translucent door.
103140 | Pan      | Found a runed translucent door.
103319 | Pan      | Reached skill level 17 in Fighting
103477 | Pan      | Found a runed translucent door.
104173 | Pan      | Found a runed translucent door.
104267 | Pan      | Noticed Ryot the pandemonium lord
104271 | Pan      | Reached skill level 18 in Fighting
104272 | Pan      | Killed Ryot the pandemonium lord
104324 | Pan      | Identified the +6 sling "X" {speed, rN+}
104331 | Pan      | Identified the +8 shortbow of Ynauxkij {drain, Will+ Str+3}
104367 | Depths:2 | Escaped Pandemonium
104374 | Pan      | Entered Pandemonium
104708 | Pan      | Reached skill level 19 in Fighting
104837 | Pan      | Noticed Uvad the pandemonium lord
104867 | Pan      | Killed Uvad the pandemonium lord
105070 | Pan      | Reached skill level 20 in Fighting
105313 | Pan      | Found a runed translucent door.
105420 | Pan      | Entered the realm of Cerebov.
106124 | Pan      | Reached skill level 16 in Evocations
106246 | Pan      | Found the +6 sword of Cerebov {flame}
106246 | Pan      | Noticed Cerebov
106267 | Pan      | Killed Cerebov
106486 | Pan      | Identified the +1 barding "Fogh" {Dex+6}
106487 | Pan      | Identified the +6 hand axe of the Kissing Augurer {freeze,
                  | *Corrode Int+4}
106519 | Pan      | Identified the amulet of Kuda {Faith rF++ rCorr Str-2
                  | Dex+3}
106541 | Pan      | Identified the +3 whip of the Fox {freeze, rElec rC+ Int-4}
106642 | Pan      | Identified the +3 mace "Meru" {freeze, rC+}
106682 | Pan      | Got a fiery rune of Zot
106962 | Pan      | Reached skill level 21 in Fighting
107327 | Pan      | Noticed Noolaiq the pandemonium lord
107342 | Pan      | Killed Noolaiq the pandemonium lord
108056 | Depths:2 | Escaped Pandemonium
108631 | Pan      | Entered Pandemonium
108638 | Pan      | Reached skill level 17 in Evocations
109971 | Pan      | Reached skill level 22 in Fighting
110615 | Pan      | Identified the +4 tower shield "Peosazaz" {rC+ rN+ Str+2
                  | Dex-5}
111259 | Pan      | Reached skill level 18 in Evocations
111671 | Pan      | Identified the +6 tower shield of Naett {-Tele Str+3 Dex+5}
112270 | Pan      | Reached skill level 23 in Fighting
112652 | Pan      | Identified the ring of Irrepressible Laughter {rPois Dex+8}
114839 | Pan      | Reached skill level 27 in Spellcasting
114844 | Pan      | Identified the +6 shortbow "Hovoshrur" {heavy, rC+}
114844 | Pan      | Identified the +7 scale mail "Gotetoep" {Dex+2}
114844 | Pan      | Identified the ring "Acau" {Fly rC++}
114929 | Pan      | Reached skill level 4 in Transmutations
114969 | Pan      | Noticed a seraph
114977 | Pan      | Killed a seraph
114987 | Pan      | Reached skill level 5 in Transmutations
115543 | Pan      | Identified the +1 falchion of the Sixty-Six Beasts {heavy,
                  | Str+7}
115911 | Depths:2 | Escaped Pandemonium
116020 | D:14     | Learned a level 3 spell: Summon Guardian Golem
116122 | Pan      | Entered Pandemonium
116439 | Pan      | Found an exit through the horrors of the Abyss.
116522 | Pan      | Reached skill level 24 in Fighting
117119 | Pan      | Noticed Ynlierchy the pandemonium lord
117133 | Pan      | Killed Ynlierchy the pandemonium lord
118104 | Pan      | Reached skill level 19 in Evocations
118599 | Pan      | Found a transporter.
118631 | Pan      | Found a transporter.
118911 | Pan      | Found an exit through the horrors of the Abyss.
118915 | Pan      | Identified the ring "Roti" {rC+ Will+ Str+5 Slay+3}
119102 | Pan      | Reached skill level 25 in Fighting
119346 | Pan      | Identified the +1 helmet of Femina {rElec Dex+3}
119417 | Pan      | Entered the realm of Gloorx Vloq.
119999 | Pan      | Reached skill level 20 in Evocations
120379 | Pan      | Reached skill level 16 in Invocations
120749 | Pan      | Reached skill level 17 in Invocations
120897 | Pan      | Noticed Gloorx Vloq
120953 | Pan      | Killed Gloorx Vloq
121010 | Pan      | Got a dark rune of Zot
121078 | Pan      | Reached skill level 18 in Invocations
121498 | Pan      | Found an exit through the horrors of the Abyss.
121911 | Pan      | Noticed Nutsaeme the pandemonium lord
121918 | Pan      | Killed Nutsaeme the pandemonium lord
121919 | Pan      | Reached skill level 19 in Invocations
122299 | Pan      | Found an exit through the horrors of the Abyss.
122356 | Pan      | Reached skill level 3 in Shields
122423 | Pan      | Reached skill level 4 in Shields
122489 | Pan      | Reached skill level 5 in Shields
122572 | Pan      | Reached skill level 6 in Shields
122588 | Pan      | Noticed a dread lich
122594 | Pan      | Killed a dread lich
122595 | Pan      | Reached skill level 7 in Shields
122630 | Pan      | Noticed a dread lich
122637 | Pan      | Killed a dread lich
122638 | Pan      | Reached skill level 8 in Shields
122754 | Pan      | Found an opulent altar of Gozag.
122755 | Pan      | Found Zoycucuo's Book Boutique.
122765 | Pan      | Noticed Zoycucuo the pandemonium lord
122767 | Pan      | Reached skill level 9 in Shields
122769 | Pan      | Killed Zoycucuo the pandemonium lord
122771 | Pan      | Found an opulent altar of Gozag.
122894 | Pan      | Reached skill level 10 in Shields
122901 | Pan      | Found Zoycucuo's Rarities Depository.
122916 | Pan      | Found Zoycucuo's Jewellery Shoppe.
122941 | Pan      | Found an opulent altar of Gozag.
122950 | Pan      | Bought the ring "Sanuaj" {rF+ rC+ Will+ Str-3 SInv} for 765
                  | gold pieces
122959 | Pan      | Found Zoycucuo's Exquisite Manuscripts.
122973 | Pan      | Bought a scroll of fog for 96 gold pieces
122973 | Pan      | Bought 2 scrolls of blinking for 360 gold pieces
122973 | Pan      | Bought a scroll of enchant armour for 180 gold pieces
123267 | Pan      | Reached skill level 11 in Shields
123339 | Depths:2 | Escaped Pandemonium
123348 | Pan      | Entered the realm of Lom Lobon.
123348 | Pan      | Entered Pandemonium
123380 | Pan      | Found an exit through the horrors of the Abyss.
124319 | Pan      | Reached skill level 14 in Armour
124432 | Pan      | Noticed Lom Lobon
124461 | Pan      | Killed Lom Lobon
124474 | Pan      | Got a magical rune of Zot
125022 | Pan      | Reached skill level 15 in Armour
125608 | Pan      | Noticed Lil Gepi the pandemonium lord
125612 | Pan      | Killed Lil Gepi the pandemonium lord
125740 | Pan      | Reached skill level 16 in Armour
126394 | Pan      | Noticed Guekloum the pandemonium lord
126398 | Pan      | Killed Guekloum the pandemonium lord
127021 | Pan      | Reached skill level 17 in Armour
127294 | Pan      | Found a transporter.
127339 | Pan      | Identified the +4 leather armour "Ycumesuv" {+Blink rPois
                  | Str+3}
127515 | Pan      | Found a transporter.
128152 | Pan      | Reached skill level 10 in Dodging
128371 | Pan      | Identified the +0 leather armour of Koka {rC+ Regen+}
128373 | Pan      | Identified the amulet "Jaoppece" {rC+ Regen+ Int+5}
128387 | Pan      | Identified the ring "Immisur" {rF++ rC+ Int-5 Slay+5}
128809 | Pan      | Noticed Koxin the pandemonium lord
128817 | Pan      | Killed Koxin the pandemonium lord
128821 | Pan      | Reached skill level 11 in Dodging
129024 | Pan      | Identified the +5 whip of Scuffed Fortitude {venom, rElec
                  | rF- Int+8 SInv}
129402 | Pan      | Reached skill level 12 in Dodging
129742 | Depths:2 | Escaped Pandemonium
130492 | Zot:5    | Entered Level 5 of the Realm of Zot
130743 | Zot:5    | Identified the +1 leather armour of the Lonely Wishes {MP+9
                  | Stlth+}
130994 | Zot:5    | Reached skill level 13 in Dodging
131894 | Zot:5    | Noticed an orb of fire
131996 | Zot:5    | Killed an orb of fire
132197 | Zot:5    | Noticed an orb of fire
132545 | Zot:5    | Reached skill level 14 in Dodging
132762 | Zot:5    | Killed an orb of fire
133052 | Zot:5    | Noticed a dread lich
133079 | Zot:5    | Killed a dread lich
133085 | Zot:5    | Noticed an ancient lich
133092 | Zot:5    | Killed an ancient lich
133093 | Zot:5    | Noticed an ancient lich
133099 | Zot:5    | Killed an ancient lich
133635 | Zot:5    | Reached skill level 26 in Fighting
134671 | Zot:5    | Noticed an orb of fire
134683 | Zot:5    | Killed an orb of fire
135568 | Zot:5    | Reached skill level 21 in Evocations
136383 | Geh:1    | Entered Level 1 of Gehenna
137538 | Geh:4    | Reached skill level 27 in Fighting
137551 | Geh:4    | Noticed a dread lich
137557 | Geh:4    | Killed a dread lich
138666 | Geh:6    | Reached skill level 22 in Evocations
139061 | Geh:7    | Entered Level 7 of Gehenna
139369 | Geh:7    | Reached skill level 23 in Evocations
140832 | Geh:7    | Identified the +2 robe "Louwual" {rPois rC- rN+}
140837 | Geh:7    | Identified the +2 plate armour of the Blue God {rPois Dex+3
                  | Stlth+}
140895 | Geh:7    | Reached skill level 24 in Evocations
141084 | Geh:7    | Found the +7 sceptre of Asmodeus
141084 | Geh:7    | Noticed Asmodeus
141099 | Geh:7    | Killed Asmodeus
141207 | Geh:7    | Identified the +1 shortbow of the Toadstool {speed, rC+
                  | Will- SInv}
141210 | Geh:7    | Got an obsidian rune of Zot
141671 | Coc:1    | Entered Level 1 of Cocytus
141693 | Coc:1    | Paralysed by a wendigo for 1 turns
142264 | Coc:3    | Reached skill level 25 in Evocations
142553 | Coc:3    | You are sucked into a shaft and drop 2 floors!
142631 | Coc:5    | Paralysed by a wendigo for 1 turns
142932 | Coc:5    | Reached skill level 26 in Evocations
143462 | Coc:7    | Entered Level 7 of Cocytus
144029 | Coc:7    | Noticed the Serpent of Hell
144061 | Coc:7    | Killed the Serpent of Hell
144403 | Coc:7    | Reached skill level 27 in Evocations
145076 | Coc:7    | Reached skill level 20 in Invocations
145181 | Coc:7    | Paralysed by a wendigo for 1 turns
145186 | Coc:7    | Paralysed by a wendigo for 1 turns
145284 | Coc:7    | Paralysed by a wendigo for 1 turns
145665 | Coc:7    | Reached skill level 21 in Invocations
145940 | Coc:7    | Paralysed by a wendigo for 1 turns
145960 | Coc:7    | Reached skill level 18 in Armour
146019 | Coc:7    | Paralysed by a wendigo for 1 turns
146065 | Coc:7    | Paralysed by a wendigo for 1 turns
146402 | Coc:7    | Noticed Antaeus
146427 | Coc:7    | Killed Antaeus
146483 | Coc:7    | Reached skill level 19 in Armour
146600 | Coc:7    | Got an icy rune of Zot
146650 | Coc:7    | Found the +3 hat of Pondering {ponderous, Will+ MP+10
                  | Int+5}
146854 | Dis:1    | Entered Level 1 of the Iron City of Dis
147648 | Dis:3    | Reached skill level 20 in Armour
147980 | Dis:4    | Reached skill level 21 in Armour
148618 | Dis:5    | You are sucked into a shaft and drop 1 floor!
148619 | Dis:6    | travel.find_deepest_explored(you.branch()) returns 5 even
                  | though I'm in 6, after been shafted there from 5
148687 | Dis:6    | Reached skill level 22 in Armour
148755 | Dis:6    | Reached skill level 15 in Dodging
149002 | Dis:7    | Entered Level 7 of the Iron City of Dis
149002 | Dis:7    | Noticed an ancient lich
149002 | Dis:7    | Noticed a dread lich
149003 | Dis:7    | Noticed a dread lich
149004 | Dis:7    | Killed a dread lich
149004 | Dis:7    | Killed an ancient lich
149004 | Dis:7    | Killed a dread lich
149575 | Dis:7    | Reached skill level 16 in Dodging
150040 | Dis:7    | Identified the amulet of Zokhe {Faith rN+}
150045 | Dis:7    | Reached skill level 17 in Dodging
150070 | Dis:7    | Reached skill level 18 in Dodging
150859 | Dis:7    | Reached skill level 19 in Dodging
151599 | Dis:7    | Found the +4 staff of Dispater
151599 | Dis:7    | Noticed Dispater
151611 | Dis:7    | Killed Dispater
151638 | Dis:7    | Got an iron rune of Zot
151720 | Dis:7    | Identified the +1 mace of Jifis {holy, Str-2 Int+4}
151919 | Tar:1    | Entered Level 1 of Tartarus
151942 | Tar:1    | Reached skill level 22 in Invocations
152666 | Tar:3    | Reached skill level 23 in Invocations
153306 | Tar:4    | Reached skill level 24 in Invocations
154113 | Tar:6    | Reached skill level 25 in Invocations
154386 | Tar:7    | Entered Level 7 of Tartarus
154605 | Tar:7    | Reached skill level 26 in Invocations
155860 | Tar:7    | Reached skill level 27 in Invocations
156648 | Tar:7    | Reached skill level 20 in Dodging
156726 | Tar:7    | Noticed a dread lich
156766 | Tar:7    | Killed a dread lich
157332 | Tar:7    | Identified the +3 whip "Dragonslayer" {heavy, rElec rC-
                  | Int+5}
157339 | Tar:7    | Identified the +5 trident of Dishonour {heavy, rPois}
157758 | Tar:7    | Reached skill level 21 in Dodging
157915 | Tar:7    | Identified the +1 lajatang of Zal Su Losh {drain, rN+
                  | Int+3}
158025 | Tar:7    | Noticed Ereshkigal
158037 | Tar:7    | Killed Ereshkigal
158202 | Tar:7    | Got a bone rune of Zot
158622 | Zot:5    | Got the Orb of Zot
159309 | D:$      | Escaped with the Orb!

Illustrated notes

#...[...........#
#.##.....##..#
#..........#'####
#.####.####..#
#......=.....##
#............#
#..........#..##
#...#.##.....#
#.........#....#
##....###.#####
#.........##.#.# #[.#.####.##
#.........##...###..........#
############.#...........[..#
#....@W..........#
###..#.(..........#
##!#..#.§..........#
#._'.......#########
##)#.......# ###....[..#
##...#### #...# #...#


Turn 27131 on D:14: why is that sword so though #...[...........# #.##.....##..#
#..........#'#### #.####.####..# #......=.....## #............# #..........#..##
#...#.##.....# #.........#....# ##....###.##### #.........##.#.# #[.#.####.##
#.........##...###..........# ############.#...........[..# #....@...........#
###..#.)..........# ##!#..#............# #._'.......######### ##)#.......#
###....[..# ##...#### #...# #...# Turn 27132 on D:14: eat chain lightning. there
goes the piety ######## ......# #.....# #.....# #.@...+ #...2....# #.....####
#.....# #.....# #####+# Turn 148619 on Dis:6:
travel.find_deepest_explored(you.branch()) returns 5 even though I'm in 6, after
been shafted there from 5

Levels and vault maps discovered:
D:1:      dpeg_arrival_stonehenge_8_columns, layout_loops_ring
D:2:      wad_crossroads, layout_rooms
D:3:      layout_basic, minivault_14, uniq_robin
D:4:      layout_basic, minmay_temple_entry_glassed_door
D:5:      layout_basic, uniq_eustachio
D:6:      layout_basic, trog_hazing_becter, minitemple
D:7:      layout_basic, lemuel_round_altar, ebering_ghost_xom
D:8:      wad_river_or_something, layout_rooms, lair_entry_dummy,
          nicolae_stop_n_shop_2, amethyst_killhole
D:9:      layout_loops_ring, serial_shops, nicolae_take_the_stairs, uniq_grum
D:10:     layout_basic, cheibrodos_ashenzari_chains, minmay_bent
D:11:     layout_cave_pools, david_orc_3, gammafunk_ghost_ooze,
          portal_ice_cave_entry_ice_simulacra, nicolae_shop_vocational
D:12:     minmay_four_partial_circles, layout_rooms, uniq_kirke, uniq_jorgrun
D:13:     layout_basic, elves_outpost_lemuel
D:14:     layout_basic, david_vaults_2, ebering_ghost_xom, old_standard_altar,
          uniq_agnes, uniq_rupert
D:15:     hangedman_depths_entry_civil_slaughter, layout_basic,
          serial_co_window_serial, co_window_cross_1, co_window_corner_a,
          co_window_paths_a, co_window_paths_a, co_window_paths_a,
          co_window_corner_b, co_window_of_opportunity_b, co_window_broadway_c,
          co_window_paths_c, co_window_paths_c, glass_columns_a,
          glass_columns_a, glass_columns_b, cheibriados_altar_1
Temple:   nicolae_temple_bog_church
Lair:1:   layout_cave_pods, basic_altar, serial_bayou_shore_b,
          infiniplex_staircase_pool, grunt_megastairs_5
Lair:2:   layout_gridlike, nicolae_swamp_entry_splash_gauntlet,
          nicolae_spider_entry_orb_guardian, special_room [special_room_bee],
          serial_bayou_pond_a, lemuel_fruit_tree
Lair:3:   layout_loops_ring, grunt_megastairs_1
Lair:4:   layout_roguey, slime_entry_1, basic_altar, nicolae_lair_yak_garden,
          serial_bayou_shore_b
Lair:5:   cheibrodos_lair_end_hotspot, layout_concentric_octagons,
          nicolae_volcano_entry_hallway
Swamp:1:  layout_basic_swamp, evilmike_swamp_ruin_house_2
Swamp:2:  gammafunk_sealed_arena, layout_falls_marsh,
          evilmike_swamp_ruin_house_3, swamp_pool1
Swamp:3:  layout_falls_marsh, evilmike_swamp_ruin_house_4, swamp_pool4,
          nicolae_swamp_catching_bugs
Swamp:4:  swamp_vile, layout_basic_swamp, gammafunk_ghost_berserking_beasts
Spider:1: layout_spider_delve, nicolae_spider_paper_wasps
Spider:2: layout_spider_delve, uniq_roxanne
Spider:3: layout_spider_delve, ebering_ghost_disaster_area,
          hellmonk_narrow_tunnel, uniq_arachne
Spider:4: hellmonk_spider_rune_bug_friends
Slime:1:  layout_caves
Slime:2:  layout_caves, nicolae_slime_getting_an_eyeful
Slime:3:  layout_caves, dissolution_awaits
Slime:4:  layout_caves
Slime:5
Orc:1:    layout_caves, minmay_orc_temple_c, uniq_harold, uniq_erolcha
Orc:2:    st_orc_pillars, layout_diamond_mine
Elf:1:    layout_onion_city, serial_shops, shop, kennysheep_underground_church,
          eino_tiny_chamber
Elf:2:    elven_hall_of_blades_hangedman_original [nooodl_blade_entry_preview],
          layout_loops_corners, serial_shops, nicolae_shop_stone,
          hangedman_elf_power_crystal, minmay_misc_feat_diagonals, st_stairs_1,
          grunt_ministairs_9
Elf:3:    minmay_elf_hall_dome, layout_geoelf_grid, serial_shops,
          nicolae_shop_trees, shop, shop, grunt_megastairs_2
Vaults:1: portal_desolation_entry_holy_temple, nicolae_vaults_little_squares_4,
          ontoclasm_vaults_decontamination, nicolae_vaults_alarming, v_misc_15,
          ontoclasm_vaults_eye, layout_vaults_omnigrid, serial_shops,
          bzr_in_the_mist, uniq_aizul
Vaults:2: hangedman_vaults_snaps, v_alt_pattern_4, hangedman_vaults_maws,
          v_rooms_2, nicolae_vaults_inception_statues, v_misc_19,
          vaults_standard_mumra_lines, vaults_mumra_hex,
          nicolae_vaults_yaktaur_gun_rack, ontoclasm_vaults_pinch,
          v_alt_pattern_4, nicolae_vaults_little_squares_4,
          blue_anna_dwarven_crypt, ontoclasm_vaults_fault, st_hourglassy,
          nicolae_vaults_theta, vaults_dpeg_diagonal, layout_vaults_maze,
          uniq_asterion
Vaults:3: nicolae_vaults_three_branches, v_misc_9, v_alt_pattern_3,
          ontoclasm_vaults_gateway, vaults_room_guarded_vault, v_pattern_4,
          hangedman_vaults_nails, v_misc_22, hangedman_vaults_stagger,
          nicolae_vaults_network_square, ontoclasm_vaults_bender,
          layout_vaults_omnibox, serial_shops, shop
Vaults:4: infiniplex_enter_wizlab_water, dpeg_vaults_hating_casters,
          nicolae_vaults_network_quinsquares
          [nicolae_vaults_network_quincunx_subvault,
          nicolae_vaults_network_quincunx_subvault,
          nicolae_vaults_network_quincunx_subvault,
          nicolae_vaults_network_quincunx_subvault],
          ontoclasm_vaults_ring_large, v_misc_26, v_misc_16,
          ontoclasm_vaults_spin, nicolae_vaults_little_squares_4,
          nicolae_vaults_network_barrier,
          vaults_standard_mumra_enter_the_diamond, ontoclasm_vaults_twist,
          layout_vaults_chaotic_city, nicolae_trove_entry_crossroad,
          uniq_xtahua, uniq_sojobo
Vaults:5: serial_shops
Crypt:1:  layout_rooms
Crypt:2:  layout_misc_corridors, gammafunk_ghost_fury_of_okawaru, basic_altar,
          amcnicky_mini_corridor_feature, corexii_leaking_fountain
Crypt:3:  due_elkab, layout_chaotic_city, tomb_entry_shell_bobbens
Tomb:1
Tomb:2
Tomb:3
Depths:1: layout_big_octagon, abyss_entry_small_statue_room, fedhas_altar_1,
          hell_entry, xom_confusion_cloud, minmay_shop_grove, uniq_saint_roka
Depths:2: grunt_house_of_mirrors, layout_honeycomb, pf_coc_iceberg,
          nicolae_tso_swordbearing_angel, rand_demon_pan_entry_1, abyss_entry,
          serial_shops, nicolae_shop_temple_entry_statues_fountains, shop_statue
Depths:3: minmay_mutant_horseshoe, layout_basic, enter_ziggurat_e,
          nicolae_abyss_entry_one_way_or_another, elyvilon_altar_3,
          pf_hell_entry_tar_spiral, minmay_misc_feat_alley
Depths:4: lemuel_castle_with_subvaults [lemuel_castle_interior_original],
          layout_basic, hellmouth_1, minmay_misc_feat_cross,
          nicolae_ru_sacrificial_ziggurat, kennysheep_random_hallway
Hell
Dis:1:    layout_regular_city
Dis:2:    layout_jigsaw
Dis:3:    layout_jigsaw
Dis:4:    layout_regular_city, evilmike_ambush [evilmike_ambush_outer_basic,
          evilmike_ambush_inner_basic]
Dis:5:    layout_subdivisions
Dis:6:    layout_jigsaw
Dis:7:    iron_city_of_dis [dis_grunt, dis_wall_5], layout_gridville,
          nicolae_dis_liches_on_tour
Geh:1:    layout_gehenna_pools_triple, nicolae_geh_rippling_lava
Geh:2:    layout_gehenna_lava_caves
Geh:3:    layout_gehenna_pools_triple
Geh:4:    layout_gehenna_pools_box
Geh:5:    layout_gehenna_pools_basic
Geh:6:    nicolae_geh_seventh_circle, layout_gehenna_pools_box,
          nicolae_geh_lavax
Geh:7:    geh_hangedman
Coc:1:    layout_cocytus_water_paths
Coc:2:    layout_ice_bergs, nicolae_coc_statues_of_limitations
Coc:3:    layout_ice_bergs
Coc:5:    layout_cocytus_delve, nicolae_coc_icecubes
Coc:6:    layout_cocytus_water_paths, serial_ice
Coc:7:    coc_grunt_cove [coc_grunt_cove_antaeus, coc_grunt_cove_fiend,
          coc_grunt_cove_fiend, coc_grunt_cove_fiend, coc_grunt_cove_fiend]
Tar:1:    layout_grid_maze, nicolae_tar_cuneiform_two
Tar:2:    layout_grid_maze, nicolae_tar_windowcombs
Tar:3:    layout_cathedral_of_symmetry
Tar:4:    layout_honeycomb
Tar:5:    layout_cathedral_of_symmetry
Tar:6:    layout_cathedral_of_symmetry, nicolae_tar_four_comb_rooms
Tar:7:    tar_minmay_river
Zot:1:    layout_basic, lemuel_lake_of_fire
Zot:2:    layout_twisted_circle
Zot:3:    layout_misc_corridors, ebering_ghost_gozag, nicolae_diode_quadrants,
          uniq_vv
Zot:4:    layout_cellular_growth
Zot:5:    layout_misc_corridors

Skill      XL: |  1  2  3  4  5  6  7  8  9 10 11 12 13 14 15 16 17 18 19 20 21 22 23 24 25 26 27 |
---------------+----------------------------------------------------------------------------------+-----
Spellcasting   | 2 3 4 5 6 10 11 14 15 16 18 19 20 22 23 24 27 | 27.0
Conjurations   | 4 5 6 7 9 10 12 13 14 | 14.0
Hexes          | 2 3 4 5 6 |  6.0
Translocations | 3 4 5 6 9 13 16 18 | 18.7
Invocations    | 4 9 12 27 | 27.0
Fighting       | 3 5 7 8 27 | 27.0
Dodging        | 2 21 | 21.8
Evocations     | 2 4 5 27 | 27.0
Earth Magic    | 1 11 16 18 19 22 24 25 | 25.0
Shields        | 2 11 | 11.9
Summonings     | 5 13 | 13.0
Ice Magic      | 25 | 25.0
Transmutations | 5 |  5.0
Armour         | 22 | 22.0
Throwing       | |  0.1
Stealth        | |  2.1

Action                     |  1- 3 |  4- 6 |  7- 9 | 10-12 | 13-15 | 16-18 | 19-21 | 22-24 | 25-27 || total
---------------------------+-------+-------+-------+-------+-------+-------+-------+-------+-------++-------
  Melee: Whip              |     9 |     2 |     2 |       |       |       |       |       |       ||    13
         Unarmed           |     3 |       |       |       |       |       |       |       |       ||     3
         Mace              |       |       |    15 |    13 |       |     5 |       |       |       ||    33
         Scimitar          |       |       |       |       |       |       |       |       |    32 ||    32
         Falchion          |       |       |       |       |       |       |       |       |     7 ||     7
         Staff             |       |       |       |       |       |       |       |       |     1 ||     1
   Fire: Sling             |    32 |    63 |       |       |       |       |     1 |       |       ||    96
         Arbalest          |       |    22 |    76 |     9 |       |       |       |       |       ||   107
         Shortbow          |       |       |       |       |       |       |       |       |     5 ||     5
  Throw: Throwing net      |       |       |       |       |       |       |       |       |     1 ||     1
   Cast: Magic Dart        |    46 |    33 |    35 |   169 |   373 |   687 |   614 |   360 |   252 ||  2569
         Searing Ray       |     2 |    27 |    46 |    41 |    31 |     9 |       |       |       ||   156
         Fulminant Prism   |       |       |    24 |   112 |   191 |   259 |   118 |    10 |    90 ||   804
         Kindle Blastspark |       |       |     1 |       |       |       |       |       |       ||     1
         Momentum Strike   |       |       |     3 |     1 |       |       |       |       |       ||     4
         Iskenderun's Myst |       |       |     1 |    56 |    79 |   101 |    47 |    44 |   122 ||   450
         Iskenderun's Batt |       |       |       |    88 |   216 |   347 |   253 |   134 |    88 ||  1126
         Stone Arrow       |       |       |       |       |    47 |   100 |    37 |     3 |       ||   187
         Iron Shot         |       |       |       |       |    50 |   253 |   114 |   104 |    49 ||   570
         Lee's Rapid Decon |       |       |       |       |    22 |    31 |    41 |     1 |     6 ||   101
         Cause Fear        |       |       |       |       |     1 |     4 |     8 |    32 |    13 ||    58
         Blink             |       |       |       |       |       |     8 |     1 |    10 |    17 ||    36
         Chain Lightning   |       |       |       |       |       |     2 |       |       |       ||     2
         Shatter           |       |       |       |       |       |       |    85 |   205 |   828 ||  1118
         Borgnjor's Vile C |       |       |       |       |       |       |    34 |    49 |   868 ||   951
         Fireball          |       |       |       |       |       |       |       |    18 |    55 ||    73
         Dispersal         |       |       |       |       |       |       |       |     7 |    26 ||    33
         Disjunction       |       |       |       |       |       |       |       |    10 |   164 ||   174
         Orb of Destructio |       |       |       |       |       |       |       |       |   307 ||   307
         Spellforged Servi |       |       |       |       |       |       |       |       |  1394 ||  1394
         Lehudib's Crystal |       |       |       |       |       |       |       |       |   409 ||   409
         Summon Guardian G |       |       |       |       |       |       |       |       |   151 ||   151
         Ozocubu's Armour  |       |       |       |       |       |       |       |       |   106 ||   106
         Polar Vortex      |       |       |       |       |       |       |       |       |    93 ||    93
         Yara's Violent Un |       |       |       |       |       |       |       |       |    39 ||    39
         Dragon's Call     |       |       |       |       |       |       |       |       |     3 ||     3
 Invoke: Channel Magic     |       |       |       |     5 |     6 |    12 |     8 |    16 |   167 ||   214
         Divine Exegesis   |       |       |       |       |       |     2 |       |       |     3 ||     5
         Forget Spell      |       |       |       |       |       |       |       |       |     3 ||     3
  Evoke: Wand              |       |       |     4 |       |     4 |     2 |       |       |     3 ||    13
         Box of beasts     |       |       |       |       |       |       |       |       |     1 ||     1
         Lightning rod     |       |       |       |       |       |       |       |       |     1 ||     1
    Use: Scroll            |       |     8 |     5 |     7 |    14 |    18 |     7 |     5 |    14 ||    78
         Potion            |       |       |     1 |     1 |     2 |       |     1 |     1 |    39 ||    45
   Stab: Sleeping          |     2 |       |       |       |       |       |       |       |       ||     2
 Armour: Robe              |     8 |    24 |    48 |       |    26 |     5 |       |     4 |   428 ||   543
         Steam dragon scal |       |       |    24 |    76 |    28 |    87 |    55 |    47 |       ||   317
         Ring mail         |       |       |       |       |       |    78 |       |       |       ||    78
  Dodge: Dodged            |    17 |    21 |    77 |    91 |    82 |   202 |    89 |    68 |   636 ||  1283
  Block: Buckler           |       |       |       |       |       |       |       |       |   174 ||   174

Table legend: (Time is in decaauts)
 A = Elapsed time spent in this place.
 B = Non-inter-level travel time spent in this place.
 C = Inter-level travel time spent in this place.
 D = Time resting spent in this place.
 E = Time spent auto-exploring this place.
 F = Levels seen in this place.
 G = Mean time per level.
                   A        B        C        D        E       F      G
               +--------+--------+--------+--------+--------+-----+--------+
         Total | 159572 | 142313 |  17259 |  40981 |  42293 | 120 | 1329.8 |
       Dungeon |  22130 |  17742 |   4388 |   3396 |   8307 |  15 | 1475.3 |
        Temple |     31 |     18 |     13 |      0 |      6 |   1 |   31.0 |
          Lair |   8107 |   6797 |   1310 |    966 |   3268 |   5 | 1621.4 |
         Swamp |   5829 |   5161 |    668 |   1869 |    818 |   4 | 1457.2 |
   Spider Nest |   7178 |   6546 |    632 |   1827 |   1173 |   4 | 1794.5 |
    Slime Pits |   3365 |   2938 |    427 |    811 |   1220 |   5 |  673.0 |
  Orcish Mines |   3182 |   2604 |    578 |    725 |    678 |   2 | 1591.0 |
   Elven Halls |   6142 |   5725 |    417 |   1314 |   1965 |   3 | 2047.3 |
        Vaults |  12244 |  10045 |   2199 |   2439 |   3840 |   5 | 2448.8 |
         Crypt |   3850 |   3469 |    381 |   1028 |   1386 |   3 | 1283.3 |
          Tomb |   3332 |   2799 |    533 |    305 |    817 |   3 | 1110.7 |
        Depths |   8883 |   7010 |   1873 |   2440 |   2619 |   4 | 2220.8 |
          Hell |    988 |    833 |    155 |     53 |    412 |   1 |  988.0 |
           Dis |   4960 |   4601 |    359 |   2234 |    760 |   7 |  708.6 |
       Gehenna |   5227 |   4779 |    448 |   1732 |   1043 |   7 |  746.7 |
       Cocytus |   5102 |   4997 |    105 |   2545 |    851 |   6 |  850.3 |
      Tartarus |   6391 |   5254 |   1137 |   2201 |    996 |   7 |  913.0 |
           Zot |  11391 |   9760 |   1631 |   4255 |   2191 |   5 | 2278.2 |
         Abyss |   5308 |   5308 |      0 |   1592 |    782 |   4 | 1327.0 |
   Pandemonium |  33408 |  33408 |      0 |   8707 |   8970 |  23 | 1452.5 |
        Bazaar |    163 |    163 |      0 |      0 |      3 |   1 |  163.0 |
         Trove |    120 |    120 |      0 |      0 |      0 |   1 |  120.0 |
      Ice Cave |    916 |    916 |      0 |    306 |     55 |   1 |  916.0 |
       Volcano |    329 |    329 |      0 |      4 |     33 |   1 |  329.0 |
        Wizlab |    132 |    132 |      0 |     65 |      0 |   1 |  132.0 |
    Desolation |    851 |    851 |      0 |    165 |     98 |   1 |  851.0 |
               +--------+--------+--------+--------+--------+-----+--------+

Top non-repeatable levels by time:
   Zot:5: 4331 daAuts
   Tar:7: 3926 daAuts
    D:15: 3554 daAuts
   Coc:7: 3312 daAuts
Vaults:2: 3056 daAuts
Vaults:1: 3016 daAuts
   Dis:7: 2832 daAuts
Depths:4: 2794 daAuts
 Abyss:1: 2674 daAuts
Spider:4: 2626 daAuts
   Geh:7: 2551 daAuts
Vaults:4: 2481 daAuts
Depths:2: 2295 daAuts
   Zot:4: 2203 daAuts
Vaults:3: 2194 daAuts
